Cogmind - Beta 13 @@@ ROGUE MODE // 2024.03.05 @ 11:08:11 Player: Savant Result: Fortifying 0b10! Performance ------------- Evolutions (9) 4500 Regions Visited (25) 5000 Robots Destroyed (590) 2950 Value Destroyed (41225) 41225 Prototype IDs (137) 2740 Alien Tech Used (11) 2200 Bonus (27770) 27770 TOTAL SCORE: 86385 Bonus ------- High Alert Combat Kills 481 Follower Combat Kills 9262 Entered Garrisons 1600 Used RIF Installer 6000 Met MAIN.C 5000 Destroyed MAIN.C Shell 5000 Win 3000 Friendly Fire -2573 Cogmind --------- Core Integrity 1714/2100 Matter 176/300 Energy 790/790 System Corruption 0% Temperature Warm (103) Movement Treading (146) Location By MAIN.C's Side Parts ------- > --- POWER (3) -------- Light Quantum Reactor Vortex Chain Reactor > --- PROPULSION (6) --- Biometal Heavy Treads Experimental Biometal Heavy Treads Advanced Heavy Siege Treads > --- UTILITY (12) ----- Experimental Heat Sink Huge Storage Unit Spectral Analyzer Experimental Targeting Computer Experimental Core Analyzer Advanced Weapon Cycler SHELL Armor Experimental EM Disruption Field Experimental Shield Generator Point Defense Array > --- WEAPON (4) ------- Enhanced Nova Cannon Graviton Cannon Omega Cannon > --- INVENTORY (25) --- Vortex Chain Reactor Biometal Heavy Treads Advanced Heavy Siege Treads Experimental Energy Well (600) Advanced Matter Compressor (400) Advanced Weapon Cycler Layered Heavy Armor Plating Centrium Medium Armor Plating Medium Regenerative Plating Long-range Tractor Beam Microwarp Drive Enhanced Nova Cannon Enhanced Nova Cannon Graviton Cannon Perforator Advanced Remote Datajack Sigix Broadsword Peak State ------------ > --- POWER ------------ Zero-point Reactor Vortex Chain Reactor > --- PROPULSION ------- Biometal Heavy Treads Experimental Biometal Heavy Treads Advanced Heavy Siege Treads > --- UTILITY ---------- Experimental Heat Sink Huge Storage Unit Spectral Analyzer Experimental Targeting Computer Experimental Core Analyzer Advanced Weapon Cycler Medium Regenerative Plating SHELL Armor Experimental EM Disruption Field Experimental Force Field > --- WEAPON ----------- Enhanced Nova Cannon Enhanced Nova Cannon Perforator > --- INVENTORY -------- Light Quantum Reactor Vortex Chain Reactor Biometal Heavy Treads Advanced Heavy Siege Treads Experimental Energy Well Advanced Matter Compressor Advanced Weapon Cycler Layered Heavy Armor Plating Experimental Shield Generator Point Defense Array Long-range Tractor Beam Microwarp Drive Enhanced Nova Cannon Graviton Cannon Graviton Cannon Omega Cannon Advanced Remote Datajack Sigix Broadsword [Rating: 251] Favorites ----------- Power Heavy Antimatter Reactor Engine Heavy Deuterium Engine Power Core Cooled Fission Core Reactor Heavy Antimatter Reactor Propulsion Wheel Treads Armored Medium Treads Leg Cargo Legs Wheel Wheel Hover Unit Antigrav System Flight Unit Nuclear Pulse Thruster Utility Huge Storage Unit Device Experimental Cooling System Storage Huge Storage Unit Processor Advanced Targeting Computer Hackware Improved Hacking Suite Protection Improved Utility Shielding Artifact Phase Armor Weapon Helical Railgun Energy Gun Advanced Plasma Rifle Energy Cannon Enhanced Nova Cannon Ballistic Gun Helical Railgun Ballistic Cannon Linear Accelerator Launcher Mini Grenade Launcher Special Weapon Advanced Remote Datajack Impact Weapon Core Stripper Slashing Weapon Molecular Scythe Piercing Weapon Plasma Lance Special Melee Weapon Dirty Datajack Build | -11 -10 -10 -8 -8 -8 -7 -7 -7 -7 -7 -7 -6 -6 -5 -5 -4 -4 -3 -3 -3 -2 -2 -2 -1 -1 ------- Run | Yrd Mat Sub Mat Gar Mat Fac Gar Fac Gar Fac Gar Fac Gar Fac Gar Fac Gar Res Tes Gar Res Qua Sec Acc Com Slots Evolved 18 | . . . 4 . . 2 . . . . . 2 . 2 . 2 . 2 . . 2 . . 2 . Power 2 | . . . . . . . . . . . . . . . . . . . . . 1 . . 1 . Propulsion 4 | . . . 1 . . . . . . . . 1 . . . . . 1 . . 1 . . . . Utility 10 | . . . 3 . . 2 . . . . . 1 . 1 . 2 . 1 . . . . . . . Weapon 2 | . . . . . . . . . . . . . . 1 . . . . . . . . . 1 . Parts Attached 1780 | 6 24 58 68 54 10 46 42 24 35 73 28 81 58 85 59 126 68 247 136 46 100 76 143 26 61 Power 63 | 1 . 7 4 1 . 2 . . . 4 . 3 . 3 . 3 1 7 2 1 6 4 8 3 3 Engine 15 | 1 . 7 1 . . 1 . . . 3 . 2 . . . . . . . . . . . . . Core 13 | . . . 3 1 . 1 . . . 1 . 1 . 3 . 2 . . . . 1 . . . . Reactor 35 | . . . . . . . . . . . . . . . . 1 1 7 2 1 5 4 8 3 3 Propulsion 249 | 2 13 19 11 8 2 12 5 3 5 5 . 10 11 1 17 15 21 51 6 4 9 3 10 4 2 Treads 140 | 1 7 9 8 5 1 6 3 1 2 1 . 1 7 1 6 7 10 28 6 2 9 3 10 4 2 Leg 13 | . . . . 1 . . . . . . . 5 . . 5 . 1 . . 1 . . . . . Wheel 94 | 1 6 10 3 2 1 6 2 2 3 4 . 3 4 . 6 8 9 23 . 1 . . . . . Hover 1 | . . . . . . . . . . . . . . . . . 1 . . . . . . . . Flight 1 | . . . . . . . . . . . . 1 . . . . . . . . . . . . . Utility 787 | 1 5 5 26 16 7 18 18 8 17 23 14 31 20 44 25 65 19 110 71 27 49 38 81 12 37 Device 444 | . . 1 16 3 2 10 9 5 5 10 2 8 5 19 6 24 5 73 57 20 27 36 58 10 33 Storage 17 | 1 3 1 1 . . . . . . 1 1 . . . . . . 3 2 . 2 . 2 . . Processor 18 | . 2 . 1 . . 1 . . . 1 . . . . . 3 . 5 . . 1 . 3 . 1 Hackware 120 | . . . . 3 4 2 5 3 9 6 7 12 6 5 7 13 8 10 6 5 4 . 2 2 1 Protection 183 | . . 3 8 10 1 5 4 . 3 5 4 11 9 20 12 25 6 19 6 2 15 1 12 . 2 Artifact 5 | . . . . . . . . . . . . . . . . . . . . . . 1 4 . . Weapon 681 | 2 6 27 27 29 1 14 19 13 13 41 14 37 27 37 17 43 27 79 57 14 36 31 44 7 19 Energy Gun 65 | . . 2 8 7 . . 4 1 . 10 6 11 6 . . . . 5 5 . . . . . . Energy Cannon 98 | . . 3 2 . . 3 3 1 . 1 . . . 5 1 5 12 18 3 1 10 7 12 3 8 Ballistic Gun 134 | 2 1 10 1 4 . . 3 3 6 8 . 4 3 17 6 14 1 . 7 1 14 13 16 . . Ballistic Cannon 79 | . 3 1 . . . 2 . . . 1 . 5 4 1 2 5 . 25 16 4 1 . 4 . 5 Launcher 19 | . . 1 5 4 . . 2 2 1 2 . . . . . . 1 . . . 1 . . . . Special Weapon 177 | . 2 10 . 5 . 5 2 4 4 9 2 11 7 8 3 14 9 22 16 5 10 9 12 3 5 Impact Weapon 3 | . . . 2 . . . . . . . . . . . . . . . . . . 1 . . . Slashing Weapon 57 | . . . 8 8 1 4 4 2 2 7 5 4 5 4 . . . . . . . 1 . 1 1 Piercing Weapon 45 | . . . . . . . . . . 3 1 2 2 2 5 4 4 9 10 3 . . . . . Special Melee Weapon 4 | . . . 1 1 . . 1 . . . . . . . . 1 . . . . . . . . . Unidentified Prototypes 47 | . . . 1 . . 1 . 2 . 8 . 2 . 2 . 4 . 9 3 . 3 4 1 2 5 Corrupted Parts 1 | . . . . . . . . . . . . . . . 1 . . . . . . . . . . System Corruption 2 | . . . . . . . . . . . . . . . 2 . . . . . . . . . . Parts Lost 93 | . 1 2 6 6 . 1 2 1 . 12 1 8 2 2 5 3 8 15 3 3 3 . 7 . 2 Power 8 | . . . 1 . . . . . . 1 . 1 . . . . . 1 . . 1 . 2 . 1 Propulsion 38 | . 1 1 3 4 . 1 . 1 . 3 . 3 1 1 5 2 6 3 . 2 . . 1 . . Utility 31 | . . . 1 1 . . 1 . . 4 1 2 1 1 . . 1 10 1 1 1 . 4 . 1 Weapon 16 | . . 1 1 1 . . 1 . . 4 . 2 . . . 1 1 1 2 . 1 . . . . Highest Loss Streak 12 | . 1 1 6 2 . 1 1 1 . 12 1 2 1 1 2 1 4 3 1 3 1 . 5 . 2 To Critical Strikes 6 | . . . . . . . 1 . . 1 . . . . . 1 . . . . . . 3 . . Average Slot Usage (%) 90 | . 93 91 97 98 100 100 99 99 99 86 88 83 86 86 97 98 99 90 94 91 85 81 80 77 74 Engine 2 | . 14 14 4 8 . . 7 7 7 3 . 2 . . . . . . . . . . . . . Core 1 | . . . 4 . 9 6 . . . 3 7 2 5 4 5 2 . . . . . . . . . Reactor 3 | . . . . . . . . . . . . . . . . 2 5 8 4 4 7 7 6 11 10 Treads 11 | . 15 15 16 13 18 12 9 7 7 3 . 1 3 4 13 10 15 10 18 14 12 12 16 13 12 Leg 1 | . . . . 1 . . . . . . . 6 5 5 4 . 1 . . . . . . . . Wheel 5 | . 12 12 10 10 9 9 12 14 14 10 15 6 5 . 2 9 2 5 . . . . . . . Device 6 | . . . 17 9 5 8 4 6 5 1 . 2 . 1 . 3 3 9 10 12 9 7 9 4 13 Storage 5 | . 14 6 9 9 9 7 7 7 7 7 7 5 5 5 5 5 5 4 4 4 4 4 4 4 4 Processor 5 | . 7 1 6 9 9 12 7 7 7 7 7 5 5 5 5 5 5 4 4 4 4 4 3 8 11 Hackware 23 | . . . . 3 15 20 25 29 26 27 28 29 34 35 33 37 32 26 30 29 26 26 20 19 5 Protection 5 | . . 12 9 14 6 2 7 . 4 4 5 4 5 6 4 4 9 4 3 3 5 . 3 4 5 Energy Gun 1 | . . 6 6 2 . . 2 . . 3 7 1 1 . . . . . 4 4 1 . . . . Energy Cannon 2 | . . 7 2 . . 2 2 . . . . . . . . 3 7 3 1 . 3 3 4 5 6 Ballistic Gun 4 | . 17 10 3 6 1 . 2 5 6 4 . 1 . 5 6 4 . . . 3 5 6 6 . . Ballistic Cannon 1 | . 10 1 . . . 1 . . . . . 1 . . 1 1 . 3 1 . . . . . 3 Special Weapon 2 | . . 2 . 3 9 4 2 5 4 2 3 2 2 2 2 3 4 2 2 3 1 . . 2 . Slashing Weapon 1 | . . . 4 3 7 5 3 2 3 2 2 1 2 3 1 . . . . . . . . 4 1 Naked Turns . | . . . . . . . . . . . . . . . . . . . . . . . . . . Heaviest Build 230 | 13 50 62 113 114 102 106 117 117 112 129 129 124 141 134 137 141 150 206 139 134 161 189 191 201 230 Greatest Support 240 | 10 16 40 63 26 16 68 68 32 75 44 44 90 75 75 128 108 115 180 162 185 225 225 225 235 240 Greatest Overweight (x) 13 | 1 4 6 11 10 10 6 3 10 5 5 2 12 8 1 12 8 13 12 . 7 1 . 1 1 . Average Overweight (x) 2 | . 2 2 4 8 9 4 2 3 4 2 2 2 5 1 5 4 2 3 . . . . . . . Largest Inventory Capacity 25 | 8 20 20 25 25 25 25 25 25 25 25 25 25 25 25 25 25 25 25 25 25 25 25 25 25 25 Average Capacity 23 | 7 18 11 22 25 25 25 25 25 25 25 25 25 25 25 25 25 25 25 25 25 25 25 25 25 25 Most Carried 25 | 4 20 20 25 25 25 25 25 25 25 25 25 25 25 25 25 25 25 25 25 25 25 25 25 25 25 Average Carried 23 | 2 16 11 22 24 24 24 24 24 24 24 24 22 24 24 24 24 24 24 24 24 24 24 24 24 24 Final Capacity 25 | 8 20 20 25 25 25 25 25 25 25 25 25 25 25 25 25 25 25 25 25 25 25 25 25 25 25 Final Carried 25 | 4 19 20 25 25 25 25 25 25 25 24 25 25 25 25 25 25 25 25 25 25 25 25 25 25 24 Class Distribution -------------------- 24% | Botlord-Gunner 24% | Botlord-Mutant 12% | Bothacker-Mutant 9% | Mutant 8% | Botlord-Tank 6% | Subdweller-Mutant 4% | Hacker-Mutant 4% | Scavenger-Mutant 3% | Hacker-Gunner Dominant Class ---------------- Mutant | -10/Materials Subdweller-Mutant | -10/Subcaves Scavenger-Mutant | -8/Materials Scavenger-Mutant | -8/Garrison Bothacker-Mutant | -8/Materials Bothacker-Mutant | -7/Factory Hacker-Mutant | -7/Garrison Bothacker-Mutant | -7/Factory Bothacker-Mutant | -7/Garrison Bothacker-Mutant | -7/Factory Bothacker-Mutant | -7/Garrison Botlord-Mutant | -6/Factory Botlord-Mutant | -6/Garrison Botlord-Mutant | -5/Factory Botlord-Mutant | -5/Garrison Botlord-Gunner | -4/Factory Botlord-Mutant | -4/Garrison Botlord-Mutant | -3/Research Botlord-Gunner | -3/Testing Botlord-Gunner | -3/Garrison Botlord-Gunner | -2/Research Botlord-Gunner | -2/Quarantine Botlord-Tank | -2/Section 7 Hacker-Mutant | -1/Access Mutant | -1/Command Resources | -11 -10 -10 -8 -8 -8 -7 -7 -7 -7 -7 -7 -6 -6 -5 -5 -4 -4 -3 -3 -3 -2 -2 -2 -1 -1 ----------- Run | Yrd Mat Sub Mat Gar Mat Fac Gar Fac Gar Fac Gar Fac Gar Fac Gar Fac Gar Res Tes Gar Res Qua Sec Acc Com Matter Collected 37774 | 202 516 829 1130 806 193 524 595 295 629 1012 486 1120 946 1812 1218 2476 1210 5848 3181 1888 1972 2247 3030 215 3394 Remotely 17671 | . . . 140 36 . 312 204 190 . 487 . 175 214 1624 607 1453 343 3264 1659 1381 422 817 1998 . 2345 Salvage Created 33692 | . 419 484 1323 629 307 340 453 87 146 1113 314 1207 1135 2227 853 1396 1291 3036 1768 1404 2352 2846 5088 727 2747 Parts 1584 | . 21 34 79 40 10 16 16 6 11 52 21 49 39 92 37 86 64 132 100 62 114 141 237 31 94 Haulers Intercepted 14 | . 1 . 2 . 1 . . . . 1 . 1 . 1 . 1 . 5 . . . . 1 . . Recyclers Shooed 12 | . . . 1 . . . . . . 1 . . . 4 . 1 . . . . 1 . 3 1 . Parts Field Recycled . | . . . . . . . . . . . . . . . . . . . . . . . . . . Retrieved Matter . | . . . . . . . . . . . . . . . . . . . . . . . . . . Parts Self-Destructed 15 | . . 15 . . . . . . . . . . . . . . . . . . . . . . . Prevented . | . . . . . . . . . . . . . . . . . . . . . . . . . . Kills | -11 -10 -10 -8 -8 -8 -7 -7 -7 -7 -7 -7 -6 -6 -5 -5 -4 -4 -3 -3 -3 -2 -2 -2 -1 -1 ------- Run | Yrd Mat Sub Mat Gar Mat Fac Gar Fac Gar Fac Gar Fac Gar Fac Gar Fac Gar Res Tes Gar Res Qua Sec Acc Com Combat Hostiles Destroyed 488 | . 10 15 26 26 . 5 14 4 6 20 4 13 9 32 15 20 17 40 26 21 30 32 63 8 32 Melee 46 | . . . 5 5 . 2 2 1 . 2 . 3 5 9 6 1 2 1 . . . . . 2 . Guns 164 | . 5 7 9 7 . . 8 . 3 7 3 5 3 20 7 7 . 2 11 13 14 14 19 . . Cannons 201 | . 5 4 1 . . 3 3 . . 1 . 1 . 3 2 12 15 32 13 7 13 16 36 6 28 AOE 49 | . . 3 10 14 . . 1 3 3 9 . 1 1 . . . . . 1 . . . 3 . . Classes Destroyed 27 | . 4 2 5 3 . 1 . . 1 2 . . 1 . 1 . 1 . . 1 . 3 1 . 1 Worker 20 | . . . 1 . 1 2 . . . 1 . 1 . 1 . 1 . 3 2 . 1 2 3 1 . Builder 18 | . . . . . . . . . . 1 . . . 1 . 8 . 4 2 . . 1 1 . . Tunneler 2 | . . . 1 . . . . . . . . . . 1 . . . . . . . . . . . Hauler 14 | . 1 . 2 . 1 . . . . 1 . 1 . 1 . 1 . 5 . . . . 1 . . Recycler 21 | . . . 4 . 3 1 . . . . . 2 . 3 . . . 3 1 . 1 . 2 1 . Mechanic 2 | . . . . . . . . . . . . . . . . . 1 . . . . 1 . . . Operator 3 | . . . 1 . . . . . . . . . . 1 . . . . . . . . . . 1 Watcher 17 | . 1 . 2 . . . . . . . 1 . . 1 . . . 1 2 . 2 2 4 . 1 Swarmer 84 | . 1 1 8 14 . 1 9 3 4 4 . 3 3 5 2 . 1 2 . 10 2 1 6 . 4 Cutter 4 | . . . . . . . . . 1 . . . . . . . 3 . . . . . . . . Saboteur 2 | . . . . . . . . . . . . . 1 . . 1 . . . . . . . . . Grunt 100 | . 9 . 11 5 . . 3 . . 8 . . 1 19 7 3 . 5 1 . 2 3 15 3 5 Brawler 7 | . . . . 1 . . . . . 1 1 . . . . . 2 1 . . . . 1 . . Duelist 8 | . . . . 1 . . . . . . . 2 1 . . . 1 . 1 1 . . 1 . . Researcher 2 | . . . . . . . . . . . . . . . . . . . . . . 1 1 . . Sentry 39 | . . 1 6 1 . 2 . . 1 3 3 5 . 1 2 . . 6 . . . 2 4 1 1 Specialist 6 | . . . . . . . . . . 1 . . 1 . . . 2 2 . . . . . . . Hunter 46 | . . . . . . 1 1 . . 3 . 1 . . 2 7 2 3 3 4 7 2 5 . 5 Programmer 158 | . . . . 4 . 1 1 1 . 5 . 2 2 8 1 9 6 20 21 4 17 22 26 4 4 Heavy 3 | . . . 1 . . . . . . . . . . . . . . 1 . . 1 . . . . Behemoth 7 | . . . . . . . . . . . . . . . 1 . 1 2 . 1 1 . 1 . . S7 Guard 1 | . . . . . . . . . . . . . . . . . . . . . . . 1 . . Enhanced Q-Series 13 | . . . . . . . . . . . . . . . . . . . . . . . . . 13 Striker 1 | . . . . . . . . . . . . . . . . . . . . 1 . . . . . Executioner 2 | . . . . . . . . . . . . . . . . . . . . . . . 2 . . Alpha 7 2 | . . . . . . . . . . . . . . . . . . . . . . 1 1 . . Fortress 1 | . . . . . . . . . . . . . . . . . . . . . . 1 . . . Subdweller 13 | . . 13 . . . . . . . . . . . . . . . . . . . . . . . Thug 2 | . . . . . . . . . . 1 . 1 . . . . . . . . . . . . . Best Kill Streak 11 | . 3 3 7 4 1 5 5 3 3 5 2 4 2 7 2 6 5 4 3 11 3 6 8 3 7 Combat Bots Only 11 | . 3 3 4 4 . 3 5 3 3 5 2 2 2 6 2 2 5 4 3 11 3 5 7 3 6 Max Kills in Single Turn 4 | . 1 3 3 3 1 1 1 3 3 4 1 3 2 2 1 1 2 2 2 1 1 2 2 1 1 Gunslinging 1 | . . . . . . . . . . . . . . 1 . . . . . . . . . . . Exploded 3 | . . 3 2 3 . . 1 3 3 2 . 1 1 . . . . . 1 . . . 1 . . Melee 1 | . . . 1 1 . 1 1 1 . 1 . 1 1 1 1 1 1 1 . . . . . 1 . Uniques/NPCs Destroyed 1 | . . . . . . . . . . . . . . . . . . . . . . . . . 1 MAIN.C Shell (-1/Command) Combat | -11 -10 -10 -8 -8 -8 -7 -7 -7 -7 -7 -7 -6 -6 -5 -5 -4 -4 -3 -3 -3 -2 -2 -2 -1 -1 -------- Run | Yrd Mat Sub Mat Gar Mat Fac Gar Fac Gar Fac Gar Fac Gar Fac Gar Fac Gar Res Tes Gar Res Qua Sec Acc Com Hostile Shots Fired 3911 | . 47 54 182 101 15 64 105 12 51 212 61 209 103 185 147 139 188 439 157 125 172 181 474 139 349 Missed 973 | . 11 14 71 26 4 12 28 8 20 48 24 58 36 45 34 54 51 95 38 26 43 36 97 37 57 Intercepted 4 | . . . . . . . . . . . . . . . . . . . . . . . . . 4 Damage Taken 47768 | . 522 1134 2129 1113 99 501 1096 135 531 2388 283 1721 933 2713 1875 1779 2657 6426 1958 1790 2334 2373 5436 1118 4724 Core 4713 | . 69 102 341 161 9 105 124 17 36 365 42 297 131 193 188 235 222 373 171 79 89 461 517 20 366 Absorbed by Shields 7685 | . . . . . . . 80 . . 77 19 153 72 . 44 247 29 1414 281 423 60 . 1106 35 3645 Reduced by Siege Mode 1445 | . . . . . . . . . . . . . . 21 10 . . 369 62 108 112 139 312 . 312 Redirected to Core 693 | . . . . . . . . . . . . . . . . . . . . . . 449 244 . . Redirected to Shielding 289 | . . . . . . . . . . . . . . 65 13 . 21 80 110 . . . . . . Ignored by Resistances 8653 | . . . . . . . . . . . . . . . . . . . 653 213 1001 1267 2749 1350 1420 Regen/Repaired (Parts) 11376 | . . . . . 77 . . 5 . 44 . 104 9 496 . 973 218 880 957 771 1679 57 2416 643 2047 Core Remaining (%) 48 | 100 . 31 . . 7 . . . . . 1 . 49 . 61 . 60 . . 52 . . 45 . 81 Volleys Fired 2105 | . 34 62 55 45 13 22 44 20 37 63 33 64 56 110 62 132 78 193 121 97 131 159 276 41 157 Largest 3 | . 2 2 2 2 1 2 2 2 2 2 2 2 2 3 3 3 3 3 3 3 3 3 3 2 3 Hottest 340 | . 100 110 115 80 5 104 120 68 68 130 130 130 125 168 126 250 330 270 267 248 263 196 278 240 340 Shots Fired 3996 | . 66 92 91 70 13 33 74 21 43 90 43 93 71 214 125 263 144 410 243 182 278 327 621 60 329 Gun 1592 | . 47 38 66 51 . . 51 2 17 51 21 46 30 144 68 98 9 46 110 86 154 170 287 . . Cannon 1812 | . 17 28 14 . . 25 11 . . 7 . 14 15 39 38 114 101 332 107 49 87 130 310 50 324 Launcher 31 | . . 3 11 7 . . 2 1 1 6 . . . . . . . . . . . . . . . Special 561 | . 2 23 . 12 13 8 10 18 25 26 22 33 26 31 19 51 34 32 26 47 37 27 24 10 5 Kinetic 1852 | . 64 34 33 27 . 11 25 2 17 40 . 27 24 152 106 151 9 198 108 85 126 170 325 . 118 Thermal 1351 | . 2 55 54 24 . 14 12 . . 5 . 1 . 31 . 61 101 121 92 46 108 118 250 50 206 Explosive 24 | . . 3 4 7 . . 2 1 1 6 . . . . . . . . . . . . . . . Electromagnetic 233 | . . . . . . . 25 . . 13 21 32 21 . . . . 59 17 4 7 12 22 . . Robot Hit Streak 109 | . 17 48 11 10 13 7 11 11 12 24 24 20 22 19 26 20 17 35 20 26 29 36 41 12 109 Robot Miss Streak 6 | . 2 2 3 5 2 2 2 1 2 2 1 3 3 3 2 4 3 4 2 2 3 3 4 5 6 Penetration Max 2 | . . . . . . . . . . 2 . 2 . 1 1 1 . . 1 1 1 2 2 . . Secondary Targets 12 | . . . . . . . . . . 2 . . 2 4 1 . . . . . 2 . 1 . . Max Gunslinging Chain 1 | . . . . . . . . . . 1 . . 1 1 1 . . . . . 1 . 1 . . Shots Hit Robots 2936 | . 47 60 83 64 15 26 55 21 30 72 37 83 85 176 106 171 96 301 167 140 194 211 398 41 257 Core Hits 1049 | . 20 25 49 36 3 9 21 5 8 43 7 24 25 67 28 48 28 84 58 41 62 80 144 12 122 Critical Kills 30 | . . 1 1 . . . . . . 4 . 2 1 1 1 2 . . 1 1 2 2 7 . 4 Critical Parts Destroyed 64 | . . . 1 . . . . 1 . 6 . 4 . 5 . 5 . . 5 2 1 3 7 . 24 Critical Strikes 184 | . . 2 3 2 . . . 1 . 12 . 9 4 13 8 11 3 13 14 11 8 5 16 . 49 Burn 12 | . . . . 1 . . . . . . . . . . . . . 1 5 2 3 . . . . Meltdown 9 | . . 1 . . . . . . . . . . . . . . . . . . . . 4 . 4 Destroy 102 | . . . 2 . . . . 1 . 10 . 6 1 6 1 7 . . 6 3 4 5 10 . 40 Blast 37 | . . 1 . . . . . . . . . . . 3 4 4 . 10 3 4 1 . 2 . 5 Corrupt 2 | . . . . . . . . . . . . 1 . . . . . 1 . . . . . . . Smash 1 | . . . 1 . . . . . . . . . . . . . . . . . . . . . . Sever 6 | . . . . 1 . . . . . 1 . 1 1 1 1 . . . . . . . . . . Impale 15 | . . . . . . . . . . 1 . 1 2 3 2 . 3 1 . 2 . . . . . Melee Attacks 618 | . . . 32 53 5 11 18 4 17 30 11 34 80 66 39 23 53 43 13 19 . 3 . 46 18 Kinetic 3 | . . . . . . . . . . . . . . . . . . . . . . 3 . . . Impact 6 | . . . 6 . . . . . . . . . . . . . . . . . . . . . . Slashing 298 | . . . 20 51 5 11 14 4 17 21 9 17 25 30 10 . . . . . . . . 46 18 Piercing 311 | . . . 6 2 . . 4 . . 9 2 17 55 36 29 23 53 43 13 19 . . . . . Sneak Attacks 47 | . . . 6 6 5 1 3 . . 1 . 2 1 3 3 4 1 9 . . . . . 1 1 Combat Hostiles 14 | . . . 2 3 . . 3 . . . . . 1 . 3 . 1 1 . . . . . . . Follow-up Attacks 24 | . . . 2 . . . . . . 1 . 2 10 7 2 . . . . . . . . . . Damage Inflicted 101363 | . 606 1471 3161 2025 383 686 1198 286 412 2440 424 1875 4013 5618 2523 4656 3888 11409 5640 3749 6111 7540 15147 2107 13995 Guns 31592 | . 386 588 1076 752 . . 641 34 206 639 380 831 288 3263 1057 1905 137 1253 3062 1781 3289 3822 6202 . . Cannons 51159 | . 220 433 188 . . 455 160 . . 134 . 200 818 614 674 2417 2379 9261 2549 1277 2573 3590 8497 1077 13643 Explosions 5385 | . . 450 1188 601 . . 157 173 206 1290 . 229 53 248 . 80 123 . . . 105 34 448 . . Melee 12927 | . . . 709 672 383 231 240 79 . 377 44 615 2854 1480 792 254 1249 895 . 691 . 56 . 954 352 Ramming 300 | . . . . . . . . . . . . . . 13 . . . . 29 . 144 38 . 76 . Kinetic 45190 | . 606 435 945 429 . 134 379 34 206 421 . 310 878 3535 1731 3167 137 6058 2707 1951 2725 3878 7421 . 7103 Thermal 34500 | . . 586 829 323 . 321 160 . . 577 . 229 53 590 . 1235 2502 2875 2428 969 3021 3204 6981 1077 6540 Explosive 3112 | . . 450 678 601 . . 157 173 206 847 . . . . . . . . . . . . . . . Electromagnetic 5390 | . . . . . . . 262 . . 218 380 721 228 . . . . 1581 476 138 221 420 745 . . Impact 39 | . . . 39 . . . . . . . . . . . . . . . . . . . . . . Slashing 5797 | . . . 656 670 383 231 234 79 . 272 44 370 993 456 103 . . . . . . . . 954 352 Piercing 7035 | . . . 14 2 . . 6 . . 105 . 245 1861 1024 689 254 1249 895 . 691 . . . . . Highest Corruption 39 | . . . 1 4 2 . . 1 1 6 6 2 2 5 2 5 12 39 34 1 1 2 2 1 1 Average Corruption 7 | . . . 1 2 2 . . 1 1 3 6 2 1 3 1 2 10 15 23 1 1 1 1 1 1 Corruption Purged 92 | . . . 1 4 . . . . . . . . 2 8 2 . . 19 41 1 3 4 6 . 1 Corruption Blocked 61 | . . . . . . . . . . . . . . . . . . 1 . . . 20 40 . . Effects 688 | . . . . 26 10 . . 1 4 36 30 9 12 30 . 41 117 188 154 2 . 1 10 4 13 Message Errors 192 | . . . . 7 3 . . . 2 9 10 2 2 5 . 13 31 52 47 1 . . 4 2 2 Matter Fused 179 | . . . . 8 3 . . . 2 7 8 2 3 11 . 11 26 47 38 1 . 1 2 2 7 Heat Flow Errors 65 | . . . . 2 . . . 1 . 5 4 2 1 4 . 1 13 18 9 . . . 3 . 2 Energy Discharges 62 | . . . . 6 1 . . . . 2 3 2 2 2 . 7 10 11 14 . . . 1 . 1 Parts Rejected 4 | . . . . . . . . . . . . . 1 . . 1 . . 2 . . . . . . Parts Fused 10 | . . . . 1 . . . . . . . . . 1 . . 3 3 2 . . . . . . Data Loss (minor) 78 | . . . . 1 2 . . . . 3 2 1 1 2 . 5 18 27 15 . . . . . 1 Data Loss (major) 30 | . . . . . 1 . . . . 4 3 . 1 3 . 1 3 6 8 . . . . . . Misfires 30 | . . . . 1 . . . . . 5 . . 1 1 . 1 10 4 7 . . . . . . Alerts 10 | . . . . . . . . . . . . . . . . . 1 7 2 . . . . . . Misdirections 1 | . . . . . . . . . . . . . . . . . . . 1 . . . . . . Weapon Failures 27 | . . . . . . . . . . 1 . . . 1 . 1 2 13 9 . . . . . . Overload Shots 1 | . . . . . . . . . . 1 . . . . . . . . . . . . . . . Overflow Damage 4057 | . . 3 134 60 86 43 . . . 198 . 46 50 363 179 258 299 651 160 98 127 199 403 259 441 Projectiles 2197 | . . . . . . 11 . . . . . . 34 . 23 217 122 475 160 28 125 198 403 10 391 Explosions 336 | . . 3 30 40 . . . . . 83 . . . 165 . 15 . . . . . . . . . Melee 1524 | . . . 104 20 86 32 . . . 115 . 46 16 198 156 26 177 176 . 70 2 1 . 249 50 Knockbacks 122 | . 3 2 . . . 3 . . . . . 1 1 3 3 10 . 29 25 7 2 . 9 . 24 Impact . | . . . . . . . . . . . . . . . . . . . . . . . . . . Kinetic 114 | . 3 2 . . . 3 . . . . . 1 1 3 3 10 . 27 21 7 2 . 9 . 22 Secondary 8 | . . . . . . . . . . . . . . . . . . 2 4 . . . . . 2 Self-Inflicted Damage 621 | . . 122 51 49 . . . . . 165 . . . . . . 53 . . . . . 181 . . Shots 14 | . . 3 2 2 . . . . . 4 . . . . . . 1 . . . . . 2 . . Rammed 12 | . . . . . . . . . . . . . . 2 . . . . 2 . 4 2 . 2 . Targets Rammed 15 | . . . . . . . . . . . . . . 2 . . . . 2 . 6 2 . 3 . Kicked . | . . . . . . . . . . . . . . . . . . . . . . . . . . Crushed 3 | . . . . . . . . . . . . . . . . . . . . . 2 . . 1 . Highest Temperature 481 | . 84 10 273 216 . 150 214 163 6 252 293 213 228 342 110 427 409 481 439 290 384 174 367 198 198 Average Temperature 101 | . 29 4 64 70 . 62 97 82 6 74 109 54 86 95 27 88 118 110 113 115 110 20 117 118 132 Received Heat Transfer 5256 | . 255 126 351 261 9 72 164 9 90 198 69 160 155 762 420 74 261 657 27 82 60 108 396 171 319 Effects 35 | . . . 1 . . . . . . . . . 2 1 . . 3 11 . . 3 . 14 . . Shutdowns 7 | . . . . . . . . . . . . . . . . . . 5 . . 1 . 1 . . Energy Bleed 6 | . . . 1 . . . . . . . . . . . . . 1 3 . . . . 1 . . Interference 18 | . . . . . . . . . . . . . 2 . . . . 2 . . 2 . 12 . . Matter Decay 2 | . . . . . . . . . . . . . . . . . 1 1 . . . . . . . Damage (minor) 2 | . . . . . . . . . . . . . . 1 . . 1 . . . . . . . . Siege Activations 81 | . . . . . . . . . . . . . . 5 2 . . 15 12 4 11 10 14 . 8 Total Turns 1692 | . . . . . . . . . . . . . . 124 53 . . 377 174 67 149 244 307 . 197 Longest Duration 65 | . . . . . . . . . . . . . . 39 38 . . 62 40 26 49 65 44 . 40 Robots Corrupted 17 | . . . . . . . . . . 1 1 4 . . . . . 5 1 1 1 1 2 . . Combat Hostiles 16 | . . . . . . . . . . 1 1 3 . . . . . 5 1 1 1 1 2 . . Parts Fried 52 | . . . 1 . . . . . . 1 4 8 . . . 1 2 18 3 1 5 3 4 . 1 Impact Corruptions 4 | . . . 1 . . . . . . . . . . . . . . . . . 1 1 . 1 . Robots Melted 11 | . . 1 . . . . . . . . . . . . . . . . . . 2 . 4 . 4 Combat Hostiles 10 | . . 1 . . . . . . . . . . . . . . . . . . 2 . 3 . 4 Parts Melted 69 | . . 3 . 2 . . . . . . . 1 . 2 . . 1 1 5 3 12 4 16 3 16 Heat Transferred 30531 | . . 893 1191 629 . 407 222 . . 518 . 250 50 509 . 864 150 2035 3574 1722 3315 2542 5578 888 5194 Parts Sabotaged . | . . . . . . . . . . . . . . . . . . . . . . . . . . Parts Stolen . | . . . . . . . . . . . . . . . . . . . . . . . . . . Parts Stripped 18 | . . . . . . . . . . . . . . . . . . . . . . 18 . . . Power Chain Reactions 11 | . . . . . . . . . . 1 . 2 1 . . 1 1 . . . 1 1 3 . . Alert | -11 -10 -10 -8 -8 -8 -7 -7 -7 -7 -7 -7 -6 -6 -5 -5 -4 -4 -3 -3 -3 -2 -2 -2 -1 -1 ------- Run | Yrd Mat Sub Mat Gar Mat Fac Gar Fac Gar Fac Gar Fac Gar Fac Gar Fac Gar Res Tes Gar Res Qua Sec Acc Com Peak Influence 1403 | . 131 . 227 1403 683 141 413 257 602 328 396 267 352 389 775 441 652 389 176 619 422 269 396 282 181 Initial 683 | . . . 29 126 683 109 . 216 145 315 . 189 14 184 264 406 61 366 101 72 348 65 135 209 . Average 195 | . 47 . 88 780 478 69 175 123 392 125 229 111 191 198 513 162 262 147 42 397 92 102 157 129 59 Maximum Alert Level 4 | . . . 1 4 2 . 2 1 2 1 1 1 1 1 3 2 2 1 . 2 2 1 1 1 . Low Security (%) 64 | 100 100 . 99 5 . 100 57 59 11 81 29 66 61 48 . 73 34 75 100 9 88 81 75 67 100 Level 1 23 | . . . . 8 50 . 33 40 56 18 70 33 38 51 23 13 45 24 . 39 7 18 24 32 . Level 2 9 | . . . . 37 49 . 8 . 31 . . . . . 67 12 20 . . 50 4 . . . . Level 3 1 | . . . . 27 . . . . . . . . . . 8 . . . . . . . . . . Level 4 . | . . . . 20 . . . . . . . . . . . . . . . . . . . . . Level 5 . | . . . . . . . . . . . . . . . . . . . . . . . . . . High Security . | . . . . . . . . . . . . . . . . . . . . . . . . . . Max Security . | . . . . . . . . . . . . . . . . . . . . . . . . . . Squads Dispatched 154 | . 2 . 2 . . 1 . 2 . 7 . 10 . 14 . 20 . 27 12 . 14 12 23 5 3 Investigation 29 | . 2 . 1 . . . . . . 2 . 4 . 6 . 4 . 2 2 . 2 1 3 . . Extermination 67 | . . . . . . 1 . 2 . 2 . 4 . 5 . 8 . 10 8 . 6 7 10 3 1 Reinforcement 40 | . . . 1 . . . . . . 3 . 2 . 3 . 6 . 6 2 . 5 3 5 2 2 Assault 1 | . . . . . . . . . . . . . . . . 1 . . . . . . . . . Garrison 17 | . . . . . . . . . . . . . . . . 1 . 9 . . 1 1 5 . . Intercept . | . . . . . . . . . . . . . . . . . . . . . . . . . . Searches Triggered . | . . . . . . . . . . . . . . . . . . . . . . . . . . Construction Impeded 9 | . . . . . . . . . . . . . . 1 . 2 . 3 1 . . 1 1 . . Haulers Reinforced 10 | . . . . . . . . . . . . 2 . . . 1 . . 1 . 2 1 3 . . Active Scanning Responses . | . . . . . . . . . . . . . . . . . . . . . . . . . . Cargo Convoy Interrupts 1 | . . . . . . . . . . 1 . . . . . . . . . . . . . . . Alert ID Control Effect 165 | . . . . . . . . . 10 10 . 5 13 18 15 22 10 17 6 9 25 2 3 . . Stealth | -11 -10 -10 -8 -8 -8 -7 -7 -7 -7 -7 -7 -6 -6 -5 -5 -4 -4 -3 -3 -3 -2 -2 -2 -1 -1 --------- Run | Yrd Mat Sub Mat Gar Mat Fac Gar Fac Gar Fac Gar Fac Gar Fac Gar Fac Gar Res Tes Gar Res Qua Sec Acc Com Distress Signals 56 | . 2 . 3 . 2 . . . . 2 1 2 . 2 . 4 . 4 1 . 4 4 8 1 16 Communications Jammed 190 | . . . 158 . 20 . . 1 . 11 . . . . . . . . . . . . . . . Distress Signals 179 | . . . 147 . 20 . . 1 . 11 . . . . . . . . . . . . . . . Times Spotted 1087 | . 18 15 45 34 8 6 23 9 35 46 25 45 46 73 43 80 48 90 51 51 76 47 92 16 65 Peak Tracking Total 11 | . 4 3 6 4 5 2 6 3 6 11 8 5 6 6 5 9 9 6 5 8 6 6 7 6 8 Tactical Retreats 40 | . 2 1 1 1 . . 1 . . 2 . 3 3 4 3 1 . 7 2 1 . 5 2 . 1 Traps | -11 -10 -10 -8 -8 -8 -7 -7 -7 -7 -7 -7 -6 -6 -5 -5 -4 -4 -3 -3 -3 -2 -2 -2 -1 -1 ------- Run | Yrd Mat Sub Mat Gar Mat Fac Gar Fac Gar Fac Gar Fac Gar Fac Gar Fac Gar Res Tes Gar Res Qua Sec Acc Com Traps Triggered 39 | . . 4 3 2 . . 1 2 2 . 4 3 1 3 1 3 2 4 2 . . 1 1 . . Indirectly . | . . . . . . . . . . . . . . . . . . . . . . . . . . Trap Hack Attempts . | . . . . . . . . . . . . . . . . . . . . . . . . . . Triggered . | . . . . . . . . . . . . . . . . . . . . . . . . . . Disarmed 7 | . . . . . . . . . . . . . . 1 . . . . . . . . . . 6 Reprogrammed 7 | . . . . . . . . . . . . . . 7 . . . . . . . . . . . Reused 3 | . . . . . . . . . . . . . . 3 . . . . . . . . . . . Traps Extracted . | . . . . . . . . . . . . . . . . . . . . . . . . . . Installed 1 | . . 1 . . . . . . . . . . . . . . . . . . . . . . . Triggered 5 | . . . . . . . . . . . . . . 5 . . . . . . . . . . . Most Traps Carried 1 | . . 1 . . . . . . . . . . . . . . . . . . . . . . . Machines | -11 -10 -10 -8 -8 -8 -7 -7 -7 -7 -7 -7 -6 -6 -5 -5 -4 -4 -3 -3 -3 -2 -2 -2 -1 -1 ---------- Run | Yrd Mat Sub Mat Gar Mat Fac Gar Fac Gar Fac Gar Fac Gar Fac Gar Fac Gar Res Tes Gar Res Qua Sec Acc Com Machines Disabled 137 | . 1 1 2 5 . 1 6 . 4 10 3 7 4 9 5 15 8 2 10 6 2 13 19 1 3 Max in Single Turn 4 | . 1 1 1 1 . 1 1 . 1 4 1 3 1 1 1 2 1 1 1 1 . 1 2 1 1 Garrison Access 10 | . . . . . . . . . . 1 . 1 . 1 . 1 . 2 . . 1 1 . 2 . Garrison Relay 33 | . . . . 5 . . 3 . 4 . 3 . 4 . 3 . 6 . . 5 . . . . . Machines Repaired . | . . . . . . . . . . . . . . . . . . . . . . . . . . Machines Dismantled . | . . . . . . . . . . . . . . . . . . . . . . . . . . Machines Sabotaged . | . . . . . . . . . . . . . . . . . . . . . . . . . . Overloaded Fab Kills . | . . . . . . . . . . . . . . . . . . . . . . . . . . Hacking | -11 -10 -10 -8 -8 -8 -7 -7 -7 -7 -7 -7 -6 -6 -5 -5 -4 -4 -3 -3 -3 -2 -2 -2 -1 -1 --------- Run | Yrd Mat Sub Mat Gar Mat Fac Gar Fac Gar Fac Gar Fac Gar Fac Gar Fac Gar Res Tes Gar Res Qua Sec Acc Com Machines Accessed 204 | . 10 2 15 3 6 8 2 5 3 15 3 12 2 19 1 12 4 17 17 1 10 11 17 8 1 Terminals 120 | . 8 . 11 3 4 3 2 2 3 8 3 5 2 9 1 5 4 4 10 1 4 8 13 6 1 Fabricators 29 | . . . . . . 2 . 1 . 4 . 5 . 4 . 5 . 4 2 . 2 . . . . Repair Stations 14 | . . . 1 . 2 . . . . . . . . 3 . . . 2 2 . 1 1 2 . . Recycling Units 13 | . 2 . . . . 2 . 1 . 1 . . . 1 . 1 . 3 . . 2 . . . . Scanalyzers 8 | . . . 2 . . . . . . . . . . . . . . 2 2 . . 1 1 . . Garrison Access 18 | . . . 1 . . 1 . 1 . 2 . 2 . 2 . 1 . 2 1 . 1 1 1 2 . Total Hacks 656 | . 30 4 45 5 18 21 4 13 8 50 6 52 8 77 2 41 12 59 55 4 40 30 53 16 3 Successful 390 | . 15 4 24 1 8 14 1 8 4 35 2 43 3 56 1 25 4 36 32 1 25 13 25 9 1 Failed 265 | . 14 . 21 4 10 7 3 5 4 15 4 9 5 21 1 16 8 23 23 3 15 17 28 7 2 Catastrophic 47 | . 1 . 2 1 2 . 1 . 1 2 1 1 . 3 1 5 2 4 4 1 4 4 7 . . Database Lockouts 1 | . 1 . . . . . . . . . . . . . . . . . . . . . . . . Manual 317 | . 19 . 15 . 14 14 3 8 5 31 1 33 5 25 1 24 7 26 17 3 20 14 27 3 2 Terminals 390 | . 28 . 37 5 13 7 4 7 8 25 6 23 8 38 2 16 12 12 34 4 18 23 44 13 3 Fabricators 115 | . . . . . . 4 . 2 . 13 . 24 . 17 . 21 . 22 6 . 6 . . . . Repair Stations 54 | . . . 1 . 5 . . . . . . . . 14 . . . 8 11 . 9 3 3 . . Recycling Units 49 | . 2 . . . . 9 . 3 . 9 . . . 5 . 3 . 12 . . 6 . . . . Scanalyzers 17 | . . . 6 . . . . . . . . . . . . . . 3 3 . . 2 3 . . Garrison Access 27 | . . . 1 . . 1 . 1 . 3 . 5 . 3 . 1 . 2 1 . 1 2 3 3 . Terminal Hacks 123 | . 11 4 10 1 1 1 1 2 3 8 2 10 3 14 1 5 4 4 11 1 3 4 14 4 1 Record 3 | . . 3 . . . . . . . . . . . . . . . . . . . . . . . Part Schematic 4 | . 1 . . . . . . . . . . 1 . 2 . . . . . . . . . . . Robot Schematic 4 | . . . . . . . . 1 . 2 . . . 1 . . . . . . . . . . . Robot Analysis 1 | . . . . . . . . . . . . . . . . . . . . . . . 1 . . Prototype ID Bank 8 | . 3 . 2 . . . . . . . . . . . . . . . 3 . . . . . . Open Door 12 | . . . . . . . . . 1 . 1 . . . . . 1 . . . . 1 5 3 . Level Access Points 1 | . . . . . . . . . . . . . . 1 . . . . . . . . . . . Branch Access Points 8 | . 1 . 1 . . . . . . . . 1 . 1 . 1 . 1 . . 1 . . 1 . Emergency Access Points 5 | . . . . 1 . . . . . . 1 . 1 . . . 1 . . 1 . . . . . Machine Index 3 | . . . . . . . . . . . . . . 1 . 1 . . 1 . . . . . . Terminal Index 8 | . 1 . 1 . . . . . . 1 . 1 . . . 1 . 1 1 . . . 1 . . Fabricator Index 1 | . . . . . . . . . . . . 1 . . . . . . . . . . . . . Garrison Index 3 | . . . . . . . . . . 1 . 1 . . . 1 . . . . . . . . . Alert Level 1 | . 1 . . . . . . . . . . . . . . . . . . . . . . . . Unreport Threat 13 | . 2 . 2 . 1 . . . . 2 . 2 . . . . . 1 . . . 1 2 . . Locate Traps 12 | . 1 . 1 . . 1 . 1 . 1 . . . 2 . 1 . 1 . . 2 1 . . . Disarm Traps 2 | . . . . . . . . . . . . . . 1 . . . . . . . . . . 1 Reprogram Traps 2 | . . . . . . . . . . . . . . 2 . . . . . . . . . . . Reinforcement Status 1 | . . . . . . . . . . . . . . . . . . . . . . . 1 . . Recall Investigation 1 | . . . . . . . . . . . . . . . . . . . . . . . 1 . . Recall Extermination 3 | . . . . . . . . . . . . 1 . 1 . . . . 1 . . . . . . Recall Reinforcements 4 | . . . . . . . . . . 1 . 1 . . . . . . . . . . 2 . . Hauler Manifests 3 | . 1 . 1 . . . . . . . . 1 . . . . . . . . . . . . . Zone Layout 10 | . . . 2 . . . . . . . . . . 2 . . . . 4 . . 1 1 . . Garrison Registry 5 | . . . . . . . 1 . 1 . . . 1 . 1 . 1 . . . . . . . . Patrol Navigation 3 | . . . . . . . . . 1 . . . 1 . . . 1 . . . . . . . . Derelict Proto ID Bank 1 | . . 1 . . . . . . . . . . . . . . . . . . . . . . . Protovariant Controls 1 | . . . . . . . . . . . . . . . . . . . 1 . . . . . . Fabricator Hacks 62 | . . . . . . 2 . 1 . 5 . 13 . 11 . 10 . 12 5 . 3 . . . . Network Status 6 | . . . . . . 1 . 1 . 1 . . . 1 . 1 . 1 . . . . . . . Load Schematic 33 | . . . . . . . . . . 3 . 8 . 6 . 6 . 5 3 . 2 . . . . Build 23 | . . . . . . 1 . . . 1 . 5 . 4 . 3 . 6 2 . 1 . . . . Repair Station Hacks 36 | . . . . . 4 . . . . . . . . 9 . . . 6 5 . 8 2 2 . . Scan Component 19 | . . . . . 2 . . . . . . . . 5 . . . 3 3 . 4 1 1 . . Repair 17 | . . . . . 2 . . . . . . . . 4 . . . 3 2 . 4 1 1 . . Recycling Unit Hacks 10 | . . . . . . 2 . 1 . 3 . . . 2 . 1 . 1 . . . . . . . Process 1 | . . . . . . . . . . 1 . . . . . . . . . . . . . . . Report Inventory 3 | . . . . . . 1 . . . 1 . . . . . . . 1 . . . . . . . Retrieve Matter 1 | . . . . . . . . . . 1 . . . . . . . . . . . . . . . Retrieve Components 5 | . . . . . . 1 . 1 . . . . . 2 . 1 . . . . . . . . . Scanalyzer 8 | . . . 6 . . . . . . . . . . . . . . 1 1 . . . . . . Insert Component 5 | . . . 3 . . . . . . . . . . . . . . 1 1 . . . . . . Analyze 3 | . . . 3 . . . . . . . . . . . . . . . . . . . . . . Garrison Access Hacks 22 | . . . 1 . . 1 . 1 . 3 . 3 . 3 . 1 . 2 1 . 1 2 . 3 . Unlock Access 8 | . . . 1 . . 1 . 1 . 1 . 1 . 1 . 1 . . 1 . . . . . . Seal Access 9 | . . . . . . . . . . 1 . 1 . 1 . . . 2 . . 1 1 . 2 . Coupler Status 5 | . . . . . . . . . . 1 . 1 . 1 . . . . . . . 1 . 1 . Unauthorized Hacks 129 | . 4 . 7 . 3 8 . 3 1 16 . 17 . 17 . 8 . 10 9 . 10 5 9 2 . Terminals 71 | . 2 . 7 . 3 5 . 2 1 7 . 6 . 9 . 3 . 2 6 . 4 4 8 2 . Track 13 | . . . . . . 1 . . . 2 . 1 . 4 . . . . 1 . 1 1 2 . . Assimilate 14 | . . . 3 . . 1 . . . 2 . 2 . 2 . . . . 2 . . . 1 1 . Botnet 29 | . 1 . 3 . 2 2 . 1 1 2 . 2 . 2 . 2 . 1 2 . 2 2 3 1 . Operators 15 | . 1 . 1 . 1 1 . 1 . 1 . 1 . 1 . 1 . 1 1 . 1 1 2 . . Fabricators 30 | . . . . . . 1 . . . 5 . 9 . 6 . 3 . 2 1 . 3 . . . . Prioritize 8 | . . . . . . . . . . 1 . 2 . 2 . 1 . 1 . . 1 . . . . Liberate 6 | . . . . . . . . . . 2 . 2 . 1 . . . . . . 1 . . . . Haulers 5 | . . . . . . 1 . . . 1 . 1 . 1 . 1 . . . . . . . . . Recompile 11 | . . . . . . . . . . 1 . 4 . 2 . 1 . 1 1 . 1 . . . . Repair Stations 3 | . . . . . . . . . . . . . . 1 . . . 1 1 . . . . . . Mechanics 3 | . . . . . . . . . . . . . . 1 . . . 1 1 . . . . . . Recycling Units 20 | . 2 . . . . 2 . 1 . 4 . . . 1 . 2 . 5 . . 3 . . . . Monitor 1 | . . . . . . . . . . 1 . . . . . . . . . . . . . . . Reject 8 | . . . . . . 1 . 1 . 1 . . . . . 1 . 2 . . 2 . . . . Recyclers 2 | . . . . . . . . . . 1 . . . . . . . 1 . . . . . . . Mask 7 | . . . . . . 1 . . . 1 . . . 1 . 1 . 2 . . 1 . . . . Tunnel 2 | . 2 . . . . . . . . . . . . . . . . . . . . . . . . Scanalyzers 2 | . . . . . . . . . . . . . . . . . . . 1 . . 1 . . . Researchers 2 | . . . . . . . . . . . . . . . . . . . 1 . . 1 . . . Garrison Access 3 | . . . . . . . . . . . . 2 . . . . . . . . . . 1 . . Reprogram 2 | . . . . . . . . . . . . 1 . . . . . . . . . . 1 . . Watchers 1 | . . . . . . . . . . . . 1 . . . . . . . . . . . . . Data Cores Recovered 1 | . . . . . . . . . . 1 . . . . . . . . . . . . . . . Used 1 | . . . . . . . . . . 1 . . . . . . . . . . . . . . . Hacking Detections 151 | . 8 . 12 2 5 7 2 5 2 11 2 8 2 16 1 8 3 11 13 1 6 8 13 4 1 Full Trace Events 15 | . . . 1 2 . . . . . 1 . . . 3 . 3 1 . 1 . 1 1 1 . . Feedback Events 3 | . . . . . . . . . . . . . . . . 2 . . 1 . . . . . . Corruption 3 | . . . . . . . . . . . . . . . . 2 . . 1 . . . . . . Feedback Blocked . | . . . . . . . . . . . . . . . . . . . . . . . . . . Robot Schematics Acquired 11 | . . . . . . . . 1 . 2 . . . 1 . . . . . . . 5 2 . . Robots Built 35 | . . . . . . 1 . . . 2 . 8 . 4 . 6 . 11 1 . 2 . . . . Authchips 16 | . . . . . . . . . . 1 . 4 . 2 . 3 . 4 1 . 1 . . . . Time 1235 | . . . . . . 81 . . . 67 . 188 . 211 . 252 . 336 44 . 56 . . . . Total Robot Build Rating 189 | . . . . . . 1 . . . 8 . 32 . 24 . 36 . 72 4 . 12 . . . . Part Schematics Acquired 48 | . 1 . 3 . . . . . . . . 1 . 2 . . . . 30 . . 5 6 . . Parts Built 6 | . . . . . . . . . . . . 2 . 2 . . . 1 1 . . . . . . Authchips 1 | . . . . . . . . . . . . . . . . . . . 1 . . . . . . Time 342 | . . . . . . . . . . . . 47 . 88 . . . 139 68 . . . . . . Total Part Build Rating 39 | . . . . . . . . . . . . 10 . 12 . . . 9 8 . . . . . . Parts Repaired 16 | . . . . . 2 . . . . . . . . 4 . . . 3 2 . 4 . 1 . . Time 1044 | . . . . . 88 . . . . . . . . 190 . . . 183 116 . 322 108 37 . . Parts Recycled . | . . . . . . . . . . . . . . . . . . . . . . . . . . Recycled Matter 300 | . . . . . . . . . . 300 . . . . . . . . . . . . . . . Retrieved Matter 300 | . . . . . . . . . . 300 . . . . . . . . . . . . . . . Retrieved Components 27 | . . . . . . 2 . 3 . . . . . 13 . 9 . . . . . . . . . Parts Scanalyzed 3 | . . . 3 . . . . . . . . . . . . . . . . . . . . . . Part Schematics Acquired 3 | . . . 3 . . . . . . . . . . . . . . . . . . . . . . Parts Damaged . | . . . . . . . . . . . . . . . . . . . . . . . . . . Bothacking | -11 -10 -10 -8 -8 -8 -7 -7 -7 -7 -7 -7 -6 -6 -5 -5 -4 -4 -3 -3 -3 -2 -2 -2 -1 -1 ------------ Run | Yrd Mat Sub Mat Gar Mat Fac Gar Fac Gar Fac Gar Fac Gar Fac Gar Fac Gar Res Tes Gar Res Qua Sec Acc Com Used RIF Installer 12 | . . . . 2 . . 1 . 1 . 2 . 2 . 1 . 2 . . 1 . . . . . Hotswap 1 | . . . . . . . . . . . . . . . . . 1 . . . . . . . . Code Merge 1 | . . . . . . . . . . . 1 . . . . . . . . . . . . . . Command Fork 1 | . . . . . . . . . . . 1 . . . . . . . . . . . . . . Threat Obfuscator 3 | . . . . 1 . . . . . . . . 1 . 1 . . . . . . . . . . Robot Detection 1 | . . . . . . . . . . . . . 1 . . . . . . . . . . . . Patrol Navigation 1 | . . . . . . . 1 . . . . . . . . . . . . . . . . . . Alert ID Control 1 | . . . . . . . . . 1 . . . . . . . . . . . . . . . . Structural Interface 1 | . . . . . . . . . . . . . . . . . 1 . . . . . . . . Program Shield 1 | . . . . . . . . . . . . . . . . . . . . 1 . . . . . Robots Hacked 297 | . . . . 4 7 4 6 11 14 13 10 21 14 18 10 33 14 23 14 17 24 13 17 6 4 Non-combat 93 | . . . . . 1 3 . 6 . 8 . 9 . 9 . 18 . 5 8 . 10 5 6 4 1 Combat 204 | . . . . 4 6 1 6 5 14 5 10 12 14 9 10 15 14 18 6 17 14 8 11 2 3 Robot Hacks Applied 332 | . . . . 5 7 5 6 14 14 16 11 22 15 20 11 36 15 25 20 20 24 16 18 8 4 parse_system 24 | . . . . . . . . . . 1 1 2 1 . 1 1 1 2 2 4 2 3 1 . 2 find_chute 3 | . . . . . . . . . . . . 1 . . . 2 . . . . . . . . . deconstruct_machine 2 | . . . . . . . . . . . . . . 1 . 1 . . . . . . . . . ignore_repairs 32 | . . . . . . . . 1 . 1 . 4 . 5 . 5 . 4 3 . 1 3 4 1 . map_walls 1 | . . . . . . . . . . 1 . . . . . . . . . . . . . . . find_fabricator 5 | . . . . . . 1 . 2 . 1 . . . . . . . . . . . . . 1 . drop_inventory 21 | . . . . . 1 3 . 3 . 1 . 1 . 1 . 3 . 1 2 . 3 . 1 1 . find_recycling 1 | . . . . . . . . 1 . . . . . . . . . . . . . . . . . ignore_parts 6 | . . . . . . . . 1 . . . 1 . . . 2 . 1 . . . . 1 . . find_station 1 | . . . . . . . . . . . . . . . . . . . . . . . . 1 . purge_threat 1 | . . . . . . . . . . 1 . . . . . . . . . . . . . . . block_reporting 2 | . . . . . . . . . . . . . . 1 . . . . . . . 1 . . . map_route 5 | . . . . . . . . . . . . 1 . . . 1 . . . . 2 . . . 1 find_scanalyzer 1 | . . . . . . . . . . . . . . . . . . . . . . 1 . . . disable_scanner 1 | . . . . . . . . . . . . . . . . . . . 1 . . . . . . locate_prototypes 1 | . . . . . . . . . . . . . . . . . . . 1 . . . . . . report_schematics 3 | . . . . . . . . . . . . . . . . . . . 3 . . . . . . report_analyses 1 | . . . . . . . . . . . . . . . . . . . 1 . . . . . . find_garrison 2 | . . . . . . 1 . . . . . . . . . 1 . . . . . . . . . disrupt_area 1 | . . . . . . . . . . 1 . . . . . . . . . . . . . . . overload_power 3 | . . . . . . . . . . 1 . 1 . . . . . 1 . . . . . . . amplify_resonance 17 | . . . . 1 . . . . . . 1 1 . 3 . 2 . 1 1 . 1 2 3 . 1 disable_weapons 1 | . . . . . . . . . . . . . . . . . . 1 . . . . . . . reboot_system 17 | . . . . 1 2 . 1 . 2 1 4 . . 1 1 . 1 1 . 1 1 . . . . go_dormant 1 | . . . . . . . . . . . . . . . . . . . . . . . 1 . . overwrite_iff 41 | . . . . . . . . . 3 2 1 1 3 2 2 4 6 5 . 2 4 2 2 2 . streamctrl_low 1 | . . . . . . . . . . . . 1 . . . . . . . . . . . . . streamctrl_high 1 | . . . . . . . . . . . . . . . . . . 1 . . . . . . . formatsys_low 27 | . . . . . . . . 1 . 3 . . . 3 . 4 . 1 2 1 2 4 4 2 . formatsys_high 109 | . . . . 3 4 . 5 5 9 2 4 8 11 3 7 10 7 6 4 12 8 . 1 . . Relay Couplers Released 150 | . . . . 26 . . 11 3 12 2 9 1 16 1 13 2 20 8 4 19 1 . . 2 . Machine Destruction 136 | . . . . 23 . . 11 . 12 2 9 1 16 1 13 2 20 4 . 19 1 . . 2 . Programmers 14 | . . . . 3 . . . 3 . . . . . . . . . 4 4 . . . . . . Attached 83 | . . . . 3 4 . 4 3 8 5 4 5 6 3 6 7 8 4 4 5 1 . 1 1 1 Merged Code Value 110 | . . . . . . . . . . . . . . . . . . 9 . 93 8 . . . . Fabnet Peak Effective % . | . . . . . . . . . . . . . . . . . . . . . . . . . . Robots Rewired 29 | . . . . 2 . . . . 3 . 4 . 1 . 1 . 6 . . 12 . . . . . Allies Hacked 23 | . . . . . . . . . . 1 . 1 1 3 2 4 . 2 2 3 1 2 1 . . Hacks Repelled 6 | . . . . . . . . . . . . 1 1 . . 3 . 1 . . . . . . . Allies | -11 -10 -10 -8 -8 -8 -7 -7 -7 -7 -7 -7 -6 -6 -5 -5 -4 -4 -3 -3 -3 -2 -2 -2 -1 -1 -------- Run | Yrd Mat Sub Mat Gar Mat Fac Gar Fac Gar Fac Gar Fac Gar Fac Gar Fac Gar Res Tes Gar Res Qua Sec Acc Com Total Allies 304 | . . . 2 6 4 2 6 6 17 15 11 26 19 15 11 29 25 29 10 32 20 6 8 5 . Largest Group 21 | . . . 1 4 3 2 4 7 13 12 6 9 9 9 5 8 10 16 6 21 18 3 2 3 2 Highest-Rated Group 855 | . . . 29 82 19 36 68 164 387 358 220 323 323 276 179 382 521 736 209 855 794 124 124 161 68 Highest-Rated Ally 178 | . . . 29 39 15 26 32 32 32 40 62 47 47 54 99 137 85 137 56 119 178 62 64 58 45 Total Orders 367 | . . . 5 24 4 2 14 5 15 12 5 12 24 26 15 27 30 35 22 41 20 9 12 5 3 STAY 182 | . . . 3 13 2 1 7 2 7 4 4 6 14 11 10 11 14 22 9 16 10 5 7 3 1 ROAM 5 | . . . . . . . . . . . . 1 . . . 2 . . 1 1 . . . . . FOLLOW 124 | . . . 2 11 2 1 7 2 6 5 . 3 9 6 5 8 13 9 4 13 8 3 5 1 1 AID 47 | . . . . . . . . 1 2 3 1 2 1 1 . 5 3 4 8 11 2 1 . 1 1 DROP 1 | . . . . . . . . . . . . . . . . 1 . . . . . . . . . EXPLORE 7 | . . . . . . . . . . . . . . 7 . . . . . . . . . . . RETURN 1 | . . . . . . . . . . . . . . 1 . . . . . . . . . . . Ally Attacks 1894 | . . . 3 23 28 9 27 30 74 92 71 111 136 147 68 242 92 252 44 111 278 19 32 5 . Total Damage 48103 | . . . 39 459 139 63 374 676 2113 2397 1860 2460 2805 2592 1358 6801 2732 7153 853 2934 9416 132 535 212 . Kills 310 | . . . . 4 3 1 3 4 20 19 20 20 19 19 17 41 11 47 6 18 33 2 3 . . Allies Corrupted 14 | . . . . . . . . . . 1 . . . . . 3 1 4 . 1 2 2 . . . Allies Melted 7 | . . . . . . . . . . . . . 1 . . . . 1 . . . . . . 5 Intel | -11 -10 -10 -8 -8 -8 -7 -7 -7 -7 -7 -7 -6 -6 -5 -5 -4 -4 -3 -3 -3 -2 -2 -2 -1 -1 ------- Run | Yrd Mat Sub Mat Gar Mat Fac Gar Fac Gar Fac Gar Fac Gar Fac Gar Fac Gar Res Tes Gar Res Qua Sec Acc Com Robot Analysis Total 1 | . . . . . . . . . . . . . . . . . . . . . . . 1 . . Derelict Logs Recovered 2 | . . 2 . . . . . . . . . . . . . . . . . . . . . . . Drone Launches 12 | . . . . . . . . . . . . . . 12 . . . . . . . . . . . Drone Recoveries 9 | . . . . . . . . . . . . . . 9 . . . . . . . . . . . Exploration | -11 -10 -10 -8 -8 -8 -7 -7 -7 -7 -7 -7 -6 -6 -5 -5 -4 -4 -3 -3 -3 -2 -2 -2 -1 -1 ------------- Run | Yrd Mat Sub Mat Gar Mat Fac Gar Fac Gar Fac Gar Fac Gar Fac Gar Fac Gar Res Tes Gar Res Qua Sec Acc Com Turns Passed 60710 | 59 1599 4412 2590 2248 806 1218 1028 1144 1046 2008 951 2913 1920 3505 2301 3147 3018 5583 3663 2006 3380 3186 4115 1225 1639 Spaces Moved 29041 | 45 1011 2972 1194 914 348 623 519 716 544 1184 591 1561 767 1132 768 1488 1148 2342 1592 1044 1710 1568 1994 561 705 Core 2 | 2 . . . . . . . . . . . . . . . . . . . . . . . . . Treads 12608 | . . 111 76 1 . 1 26 . 13 . . . 66 1132 389 94 774 848 1592 979 1710 1568 1962 561 705 Legs 402 | . . . . . . . . . . . . 388 3 . 11 . . . . . . . . . . Wheels 15997 | 43 1011 2861 1118 913 348 622 493 716 531 1184 591 1173 698 . 368 1394 374 1494 . 65 . . . . . Hover . | . . . . . . . . . . . . . . . . . . . . . . . . . . Flight . | . . . . . . . . . . . . . . . . . . . . . . . . . . Fastest Speed 50 | 50 95 110 145 135 175 130 145 135 140 130 130 130 150 240 160 145 155 138 151 151 145 145 148 150 146 Average Speed 164 | 91 133 134 174 207 215 167 149 144 153 137 130 158 190 240 228 168 221 176 152 158 158 147 148 152 149 Slowest Speed 560 | 95 145 250 245 560 230 243 243 230 243 160 130 260 270 240 330 246 275 490 155 232 240 150 231 241 150 Overloaded Moves . | . . . . . . . . . . . . . . . . . . . . . . . . . . Propulsion Burnouts . | . . . . . . . . . . . . . . . . . . . . . . . . . . Robots Hopped 2 | . . . . . . . . . . . . . . . . 2 . . . . . . . . . Cave-ins Triggered . | . . . . . . . . . . . . . . . . . . . . . . . . . . Microwarps 2 | . . . . . . . . . . . . . . . . . . . . . . . 2 . . Exploration Rate (%) 58 | 3 99 95 80 94 35 21 66 18 64 32 66 39 72 47 75 34 89 52 93 89 33 93 90 14 26 Regions Visited 25 Branch Regions 5 Pre-discovered Areas 3 | . 2 1 . . . . . . . . . . . . . . . . . . . . . . . Known Exits Taken 13 | . 1 . 1 . . 1 . 1 . 1 . 1 . 1 . 1 . 1 1 . 1 . 1 1 . Unknown Exits Taken 4 | 1 . 1 . . 1 . . . . . . . . . . . . . . . . 1 . . . Scrap Searched 17 | . . 17 . . . . . . . . . . . . . . . . . . . . . . . Spaces Dug 489 | . 2 . 30 17 . 6 7 2 9 16 5 15 25 33 12 33 35 48 30 7 16 33 53 35 20 Terrain Destroyed 1277 | . 2 11 123 40 . 6 11 12 11 87 5 24 27 100 22 107 54 116 53 26 66 88 181 47 58 Melee 232 | . . . 4 17 . 5 5 2 6 14 5 15 22 16 12 19 19 24 12 7 . . . 23 5 Projectile 730 | . 2 1 9 . . 1 . . 2 8 . 2 4 60 10 85 32 92 41 19 56 84 152 24 46 AOE 307 | . . 10 110 23 . . 6 10 3 65 . 7 1 24 . 3 3 . . . 9 4 29 . . Terrain Rammed . | . . . . . . . . . . . . . . . . . . . . . . . . . . Walls Destroyed . | . . . . . . . . . . . . . . . . . . . . . . . . . . Machines Disabled . | . . . . . . . . . . . . . . . . . . . . . . . . . . Actions | -11 -10 -10 -8 -8 -8 -7 -7 -7 -7 -7 -7 -6 -6 -5 -5 -4 -4 -3 -3 -3 -2 -2 -2 -1 -1 --------- Run | Yrd Mat Sub Mat Gar Mat Fac Gar Fac Gar Fac Gar Fac Gar Fac Gar Fac Gar Res Tes Gar Res Qua Sec Acc Com Total 38085 | 59 1192 3229 1561 1111 388 744 669 801 687 1432 721 1852 1065 1651 1157 1885 1436 3345 2658 1289 2246 2247 2813 797 1050 Wait 3178 | 5 95 59 157 14 1 7 8 16 17 36 19 72 27 205 174 50 28 374 684 30 236 373 342 95 54 Move 28986 | 44 1010 2971 1193 913 347 623 518 715 543 1184 590 1560 766 1132 767 1484 1147 2341 1591 1043 1709 1567 1963 560 705 Hop 2 | . . . . . . . . . . . . . . . . 2 . . . . . . . . . Pick Up 631 | 4 21 37 34 19 7 16 14 9 12 22 10 28 31 28 24 36 26 72 51 18 26 24 33 7 22 Fast Attach 178 | 6 3 7 2 1 . 2 2 4 . 9 2 8 3 6 8 13 4 15 13 3 16 13 21 9 8 Attach 304 | . 3 4 12 11 2 6 5 2 8 14 7 21 26 23 14 23 13 33 17 4 12 7 20 2 15 Detach 104 | . 1 1 . 3 1 2 2 1 2 6 2 4 16 6 7 5 7 11 6 2 4 3 6 . 6 Swap 1306 | . 18 47 54 42 8 38 35 18 27 50 19 52 29 56 37 90 51 199 106 39 72 57 109 15 38 Drop 553 | . 7 32 25 12 4 17 14 10 3 21 6 13 27 23 20 24 16 56 52 14 34 38 41 17 27 Fire 2105 | . 34 62 55 45 13 22 44 20 37 63 33 64 56 110 62 132 78 193 121 97 131 159 276 41 157 Melee 578 | . . . 29 51 5 11 18 4 17 27 9 29 68 56 36 23 53 43 13 19 . 3 . 46 18 Ram . | . . . . . . . . . . . . . . . . . . . . . . . . . . Kick . | . . . . . . . . . . . . . . . . . . . . . . . . . . Crush 15 | . . . . . . . . . . . . . . 2 . . . . 2 . 6 2 . 3 . Escape Stasis 71 | . . . . . . . 8 . 16 . 24 . 8 2 1 . 4 8 . . . . . . . Rewire 65 | . . . . . . . 1 2 5 . . 1 8 2 7 3 9 . 2 20 . 1 2 2 . Trap 1 | . . 1 . . . . . . . . . . . . . . . . . . . . . . . Miscellaneous 8 | . . 8 . . . . . . . . . . . . . . . . . . . . . . . Route ------- -11/Scrapyard -10/Materials (discovered 6 exits: *Mat x3 / *Min x2 / *Sub) -10/Subcaves (discovered 2 exits: *Mat x2) -8/Materials (discovered 4 exits: *Fac x3 / Gar) -8/Garrison (discovered 4 exits: *Mat x4) -8/Materials -7/Factory -7/Garrison (discovered 3 exits: *Fac x3) -7/Factory (discovered 3 exits: *Fac / [*Low] / Gar) -7/Garrison (discovered 4 exits: Fac x3 / *Fac) -7/Factory -7/Garrison (discovered 2 exits: *Fac x2) -6/Factory (discovered 6 exits: *Fac / Low x2 / Ext x2 / Gar) -6/Garrison (discovered 3 exits: *Fac x3) -5/Factory (discovered 7 exits: Fac x4 / *Upp x2 / Gar) -5/Garrison (discovered 3 exits: *Fac x3) -4/Factory (discovered 6 exits: *Res x2 / Upp x2 / Arm / Gar) -4/Garrison (discovered 3 exits: *Res x3) -3/Research (discovered 3 exits: *Res / *Tes x2) -3/Testing (discovered 2 exits: *Res / Gar) -3/Garrison (discovered 3 exits: *Res x3) -2/Research (discovered 3 exits: *Acc / *Qua x2) -2/Quarantine (discovered 2 exits: *Acc / *Sec) -2/Section 7 -1/Access -1/Command (discovered 2 exits: Sur x2) By MAIN.C's Side History --------- Turn | Location | Event 16 | -11/Scrapyard | Discovered new exit (range 16) 60 | -11/Scrapyard | Entered Materials 81 | -10/Materials | Discovered new exit (range 15) 153 | -10/Materials | Discovered new exit (range 5) 314 | -10/Materials | Build established: Mutant 382 | -10/Materials | Discovered new exit (range 9) 541 | -10/Materials | Discovered new exit (range 10) 745 | -10/Materials | Central database locked down 788 | -10/Materials | Identified exit to Materials 825 | -10/Materials | Identified exit to Mines 998 | -10/Materials | Discovered exit to Materials (range 6) 1650 | -10/Materials | Discovered new exit (range 7) 1655 | -10/Materials | Identified exit to Subcaves 1659 | -10/Materials | Entered Subcaves 1668 | -10/Subcaves | Discovered new exit (range 18) 1770 | -10/Subcaves | Disturbed a concealed Subdweller 1993 | -10/Subcaves | Shifting Twisted Machinery released Mak. Light Armor Plating 2135 | -10/Subcaves | A swath of the cavern ceiling suddenly collapsed 2523 | -10/Subcaves | Disturbed a concealed Subdweller 2650 | -10/Subcaves | A Subdweller sparked back to life 2650 | -10/Subcaves | A Subdweller sparked back to life 2650 | -10/Subcaves | A Subdweller sparked back to life 2658 | -10/Subcaves | Core integrity fell below 50% 2666 | -10/Subcaves | Found Prototype Leg 2920 | -10/Subcaves | Learned Materials emergency access door positions 3424 | -10/Subcaves | Build established: Subdweller-Mutant 3490 | -10/Subcaves | A swath of the cavern ceiling suddenly collapsed 3545 | -10/Subcaves | Shifting Twisted Machinery released Sub. Monowheel 3928 | -10/Subcaves | Visited Clippyterm 4045 | -10/Subcaves | Shifting Twisted Machinery released Battle Cannon 4563 | -10/Subcaves | Visited 4L-MR0's lab 4568 | -10/Subcaves | Identified Cargo Legs 4854 | -10/Subcaves | Discovered new exit (range 5) 5282 | -10/Subcaves | Shifting Twisted Machinery released Mak. Shrapnel Gun 5940 | -10/Subcaves | Found Power Bank 6071 | -10/Subcaves | Entered Materials 6071 | -8/Materials | Evolved 4 slots: Propulsion x1, Utility x3 6254 | -8/Materials | Discovered new exit (range 9) 7013 | -8/Materials | Discovered new exit (range 6) 7163 | -8/Materials | Build established: Scavenger-Mutant 7568 | -8/Materials | Build established: Mutant 7998 | -8/Materials | Discovered new exit (range 9) 8013 | -8/Materials | Core integrity fell below 50% 8068 | -8/Materials | Lost 6 parts (1p3n1u1w) 8604 | -8/Materials | Build established: Scavenger-Mutant 8658 | -8/Materials | Identified exit to Garrison 8661 | -8/Materials | Entered Garrison 8661 | -8/Garrison | Accompanied by 1 ally 8786 | -8/Garrison | Triggered checkpoint 8818 | -8/Garrison | Garrison Relay disabled 8935 | -8/Garrison | Garrison Relay disabled 8978 | -8/Garrison | Triggered checkpoint 9085 | -8/Garrison | Discovered new exit (range 8) 9144 | -8/Garrison | Triggered checkpoint 9220 | -8/Garrison | Garrison Relay disabled 9254 | -8/Garrison | Core integrity fell below 20% 9345 | -8/Garrison | Installed Relay Interface Framework 9640 | -8/Garrison | Triggered checkpoint 9832 | -8/Garrison | Triggered checkpoint 9950 | -8/Garrison | Triggered checkpoint 9975 | -8/Garrison | Discovered new exit (range 11) 10102 | -8/Garrison | Garrison Relay disabled 10406 | -8/Garrison | Discovered new exit (range 13) 10417 | -8/Garrison | Build established: Bothacker-Mutant 10426 | -8/Garrison | Triggered checkpoint 10466 | -8/Garrison | Discovered new exit (range 6) 10574 | -8/Garrison | Triggered checkpoint 10749 | -8/Garrison | Expanded RIF knowledge: Threat Obfuscation 10800 | -8/Garrison | Garrison Relay disabled 10909 | -8/Garrison | Entered Materials 10909 | -8/Materials | Accompanied by 1 ally 11028 | -8/Materials | Lost 3 allies 11271 | -8/Materials | Repaired Mak. Transmission Jammer 11442 | -8/Materials | Repaired Imp. Light Armor Plating 11588 | -8/Materials | Discovered new exit (range 11) 11715 | -8/Materials | Entered Factory 11715 | -7/Factory | Accompanied by 2 allies 11715 | -7/Factory | Evolved 2 slots: Utility x2 12298 | -7/Factory | P-60 Hacker assimilated allied Pest 3b 12786 | -7/Factory | Fabricated T-07 Excavator? 12933 | -7/Factory | Identified exit to Garrison 12933 | -7/Factory | Entered Garrison 12933 | -7/Garrison | Accompanied by 2 allies 12957 | -7/Garrison | Discovered new exit (range 28) 12957 | -7/Garrison | Discovered new exit (range 72) 12957 | -7/Garrison | Discovered new exit (range 72) 13017 | -7/Garrison | Triggered checkpoint 13054 | -7/Garrison | Garrison Relay disabled 13146 | -7/Garrison | Triggered checkpoint 13246 | -7/Garrison | Expanded RIF knowledge: Patrol Navigation 13248 | -7/Garrison | Build established: Hacker-Mutant 13330 | -7/Garrison | Triggered checkpoint 13346 | -7/Garrison | Triggered checkpoint 13354 | -7/Garrison | Triggered checkpoint 13527 | -7/Garrison | Garrison Relay disabled 13760 | -7/Garrison | H-XX Assembler disabled 13816 | -7/Garrison | Build established: Bothacker-Mutant 13838 | -7/Garrison | Triggered checkpoint 13874 | -7/Garrison | Garrison Relay disabled 13961 | -7/Garrison | Entered Factory 13961 | -7/Factory | Accompanied by 2 allies 14152 | -7/Factory | Discovered new exit (range 4) 14678 | -7/Factory | Discovered new exit (range 16) 14773 | -7/Factory | P-70 Sage assimilated allied Guardian 4a 15103 | -7/Factory | Identified exit to Garrison 15105 | -7/Factory | Entered Garrison 15105 | -7/Garrison | Accompanied by 7 allies 15133 | -7/Garrison | Expanded RIF knowledge: Alert ID Control 15148 | -7/Garrison | Triggered checkpoint 15228 | -7/Garrison | Discovered new exit (range 63) 15228 | -7/Garrison | Discovered new exit (range 46) 15228 | -7/Garrison | Discovered new exit (range 66) 15228 | -7/Garrison | Discovered new exit (range 52) 15233 | -7/Garrison | Garrison Relay disabled 15388 | -7/Garrison | Lost 6 allies 15522 | -7/Garrison | Triggered checkpoint 15526 | -7/Garrison | Triggered checkpoint 15544 | -7/Garrison | Triggered checkpoint 15586 | -7/Garrison | Lost 3 allies 15670 | -7/Garrison | Triggered checkpoint 15683 | -7/Garrison | Garrison Relay disabled 15744 | -7/Garrison | Triggered checkpoint 15832 | -7/Garrison | Triggered checkpoint 15859 | -7/Garrison | Garrison Relay disabled 15908 | -7/Garrison | Rescued a captive Derelict 15913 | -7/Garrison | Rescued a captive Derelict 16048 | -7/Garrison | Garrison Relay disabled 16050 | -7/Garrison | Triggered checkpoint 16082 | -7/Garrison | Triggered checkpoint 16151 | -7/Garrison | Entered Factory 16151 | -7/Factory | Accompanied by 12 allies 16381 | -7/Factory | Murdered 3 allies 16415 | -7/Factory | Lost 5 allies 17004 | -7/Factory | Lost 4 allies 17085 | -7/Factory | Cargo convoy interrupted 17090 | -7/Factory | Core integrity fell below 50% 17124 | -7/Factory | Core integrity fell below 20% 17147 | -7/Factory | Lost 4 allies 17163 | -7/Factory | Lost 12 parts (1p3n4u4w) 17167 | -7/Factory | Found Prototype Slashing Weapon 17168 | -7/Factory | Identified Molecular Scythe 17387 | -7/Factory | Build established: Mutant 17794 | -7/Factory | Fabricated P-60 Hacker? 17876 | -7/Factory | P-60 Hacker assimilated allied G-47 Trooper 18159 | -7/Factory | Identified exit to Garrison 18159 | -7/Factory | Entered Garrison 18159 | -7/Garrison | Accompanied by 4 allies 18183 | -7/Garrison | Found embedded Infiltrators 18328 | -7/Garrison | Triggered checkpoint 18360 | -7/Garrison | Garrison Relay disabled 18390 | -7/Garrison | Triggered checkpoint 18556 | -7/Garrison | Triggered checkpoint 18576 | -7/Garrison | Garrison Relay disabled 18654 | -7/Garrison | Discovered new exit (range 12) 18664 | -7/Garrison | Build established: Bothacker-Mutant 18859 | -7/Garrison | Triggered checkpoint 18912 | -7/Garrison | Triggered checkpoint 18920 | -7/Garrison | Triggered checkpoint 18939 | -7/Garrison | Expanded RIF knowledge: Code Merge 18953 | -7/Garrison | Garrison Relay disabled 19056 | -7/Garrison | Discovered new exit (range 14) 19102 | -7/Garrison | Expanded RIF knowledge: Command Fork 19110 | -7/Garrison | Entered Factory 19110 | -6/Factory | Evolved 2 slots: Propulsion x1, Utility x1 19393 | -6/Factory | Build established: Botlord-Mutant 19661 | -6/Factory | Identified exit to Lower Caves 19661 | -6/Factory | Identified exit to Extension 19841 | -6/Factory | Discovered new exit (range 7) 20030 | -6/Factory | Attached Cargo Legs, gained temporary slots: Utility x2 20123 | -6/Factory | Spotted B-75 Beast 20555 | -6/Factory | Fabricated Imp. Medium Treads (x2) 20590 | -6/Factory | Build established: Bothacker-Mutant 20602 | -6/Factory | Fabricated P-60 Hacker? 20658 | -6/Factory | Allied Derelicts emerged from ambush trap array 20761 | -6/Factory | Hacker 5b assimilated hostile W-25 Informer 20801 | -6/Factory | Fabricated P-60 Hacker? 20847 | -6/Factory | Lost 4 allies 21058 | -6/Factory | Fabricated P-60 Hacker? 21336 | -6/Factory | Build established: Hacker-Mutant 21908 | -6/Factory | Fabricated P-60 Hacker? 21990 | -6/Factory | Identified exit to Garrison 22023 | -6/Factory | Entered Garrison 22023 | -6/Garrison | Accompanied by 9 allies 22058 | -6/Garrison | P-60 Hacker assimilated allied Veteran 5a 22176 | -6/Garrison | Triggered checkpoint 22221 | -6/Garrison | Garrison Relay disabled 22256 | -6/Garrison | Lost 10 allies 22264 | -6/Garrison | Garrison Relay disabled 22363 | -6/Garrison | Discovered new exit (range 42) 22363 | -6/Garrison | Discovered new exit (range 79) 22363 | -6/Garrison | Discovered new exit (range 63) 22419 | -6/Garrison | Build established: Botlord-Mutant 22623 | -6/Garrison | Expanded RIF knowledge: Threat Obfuscation 22659 | -6/Garrison | Spotted B-75 Beast 22674 | -6/Garrison | Triggered checkpoint 22733 | -6/Garrison | Triggered checkpoint 22742 | -6/Garrison | Triggered checkpoint 22780 | -6/Garrison | Lost 3 allies 22856 | -6/Garrison | Allies destroyed B-75 Beast 22907 | -6/Garrison | Triggered checkpoint 23193 | -6/Garrison | Garrison Relay disabled 23300 | -6/Garrison | Expanded RIF knowledge: Robot Detection 23441 | -6/Garrison | Triggered checkpoint 23562 | -6/Garrison | Triggered checkpoint 23573 | -6/Garrison | Core integrity fell below 50% 23829 | -6/Garrison | Garrison Relay disabled 23943 | -6/Garrison | Entered Factory 23943 | -5/Factory | Accompanied by 7 allies 23943 | -5/Factory | Evolved 2 slots: Utility x1, Weapon x1 24102 | -5/Factory | Repaired Cld. Fission Core 24202 | -5/Factory | Identified exit to Upper Caves 24427 | -5/Factory | Lost 3 allies 25163 | -5/Factory | Fabricated Adv. System Shield (x1) 25198 | -5/Factory | Lost 3 allies 25261 | -5/Factory | Identified exit to Factory 26279 | -5/Factory | Fabricated P-70 Sage? 26735 | -5/Factory | Fabricated P-70 Sage (x2) 26892 | -5/Factory | Fabricated Imp. Powered Armor? 26932 | -5/Factory | Lost 5 allies 27210 | -5/Factory | Repaired Enh. Coil Gun 27282 | -5/Factory | Repaired Imp. Powered Armor? 27373 | -5/Factory | Repaired Cld. Fission Core? 27448 | -5/Factory | Identified exit to Garrison 27448 | -5/Factory | Entered Garrison 27470 | -5/Garrison | Triggered checkpoint 27592 | -5/Garrison | Garrison Relay disabled 27716 | -5/Garrison | Discovered exit to Factory (range 88) 27716 | -5/Garrison | Discovered exit to Factory (range 58) 27716 | -5/Garrison | Discovered exit to Factory (range 76) 27798 | -5/Garrison | Triggered checkpoint 27825 | -5/Garrison | Triggered checkpoint 27855 | -5/Garrison | Garrison Relay disabled 28170 | -5/Garrison | Spotted B-75 Beast 28220 | -5/Garrison | Destroyed B-75 Beast 28406 | -5/Garrison | Build established: Botlord-Gunner 28435 | -5/Garrison | Expanded RIF knowledge: Threat Obfuscation 28514 | -5/Garrison | Triggered checkpoint 28545 | -5/Garrison | Garrison Relay disabled 28569 | -5/Garrison | Rewired Striker 28840 | -5/Garrison | Build established: Botlord-Mutant 29116 | -5/Garrison | Triggered checkpoint 29406 | -5/Garrison | Triggered checkpoint 29450 | -5/Garrison | Triggered checkpoint 29503 | -5/Garrison | P-70 Sage assimilated allied Soldier 6e 29688 | -5/Garrison | Triggered checkpoint 29749 | -5/Garrison | Entered Factory 29749 | -4/Factory | Accompanied by 4 allies 29749 | -4/Factory | Evolved 2 slots: Utility x2 29952 | -4/Factory | Fabricated P-70 Sage? 30097 | -4/Factory | Fabricated P-70 Sage (x2) 30159 | -4/Factory | Sage 7c assimilated hostile G-67 Veteran 30202 | -4/Factory | Lost 5 allies 30329 | -4/Factory | Spotted B-86 Titan 30534 | -4/Factory | Garrison activated, responded to threat 30613 | -4/Factory | Lost 7 allies 30696 | -4/Factory | Discovered new exit (range 4) 30829 | -4/Factory | Fabricated P-70 Sage? 30841 | -4/Factory | P-70 Sage assimilated allied Sentinel 7b 31239 | -4/Factory | Lost 6 allies 31248 | -4/Factory | Discovered new exit (range 29) 31343 | -4/Factory | Found Prototype Processor 31365 | -4/Factory | Identified Exp. Melee Analysis Suite 31374 | -4/Factory | Found Exp. Melee Analysis Suite 31402 | -4/Factory | Build established: Botlord-Gunner 31754 | -4/Factory | Build established: Botlord-Mutant 31763 | -4/Factory | Found Prototype Processor 31763 | -4/Factory | Identified Exp. Terrain Scan Processor 32440 | -4/Factory | Build established: Botlord-Gunner 32532 | -4/Factory | Identified exit to Upper Caves 32532 | -4/Factory | Identified exit to Armory 32896 | -4/Factory | Identified exit to Garrison 32896 | -4/Factory | Entered Garrison 32896 | -4/Garrison | Accompanied by 4 allies 32984 | -4/Garrison | Triggered checkpoint 33059 | -4/Garrison | Garrison Relay disabled 33241 | -4/Garrison | Garrison Relay disabled 33263 | -4/Garrison | Garrison Relay disabled 33416 | -4/Garrison | Spotted B-86 Titan 33427 | -4/Garrison | Triggered checkpoint 33431 | -4/Garrison | Triggered checkpoint 33442 | -4/Garrison | Triggered checkpoint 33476 | -4/Garrison | Destroyed B-86 Titan 33489 | -4/Garrison | Lost 6 allies 33518 | -4/Garrison | Lost 4 parts (3n1u) 33727 | -4/Garrison | Build established: Botlord-Tank 33884 | -4/Garrison | Discovered new exit (range 14) 33915 | -4/Garrison | System corruption reached 10% 34613 | -4/Garrison | Expanded RIF knowledge: Hotswap 34745 | -4/Garrison | Discovered new exit (range 10) 34757 | -4/Garrison | Spotted B-86 Titan 34762 | -4/Garrison | Rewired B-75 Beast 34776 | -4/Garrison | Allies destroyed B-86 Titan 34883 | -4/Garrison | Build established: Botlord-Mutant 35022 | -4/Garrison | Triggered checkpoint 35147 | -4/Garrison | Discovered new exit (range 10) 35147 | -4/Garrison | Discovered new exit (range 73) 35147 | -4/Garrison | Discovered new exit (range 51) 35198 | -4/Garrison | Triggered checkpoint 35231 | -4/Garrison | Garrison Relay disabled 35430 | -4/Garrison | Expanded RIF knowledge: Structural Interface 35914 | -4/Garrison | Entered Research 35914 | -3/Research | Accompanied by 10 allies 35914 | -3/Research | Evolved 2 slots: Propulsion x1, Utility x1 36079 | -3/Research | Repaired Arm. Medium Treads 36192 | -3/Research | Repaired Exp. Cooling System 36284 | -3/Research | Garrison activated, responded to threat 36319 | -3/Research | Lost 4 allies 36389 | -3/Research | Fabricated S-43 Plague? 36473 | -3/Research | Fabricated P-70 Sage? 36647 | -3/Research | Fabricated I-36 Angel? 36659 | -3/Research | Lost 6 allies 36703 | -3/Research | Garrison activated, responded to threat 36738 | -3/Research | P-80 Master assimilated allied Machinist 8a 36756 | -3/Research | Destroyed Beast 7a 36787 | -3/Research | Lost 4 allies 36973 | -3/Research | Attached Power Bank, gained temporary slots: Power x3 37160 | -3/Research | Discovered new exit (range 5) 37465 | -3/Research | Build established: Botlord-Tank 38206 | -3/Research | Build established: Botlord-Mutant 38660 | -3/Research | Spotted B-86 Titan 38723 | -3/Research | Fabricated Biometal Heavy Treads? 38741 | -3/Research | Destroyed B-86 Titan 38816 | -3/Research | System corruption reached 10% 38855 | -3/Research | Fabricated P-70 Sage? 39030 | -3/Research | Identified exit to Research 39469 | -3/Research | Discovered new exit (range 9) 39542 | -3/Research | Lost 4 allies 39775 | -3/Research | Build established: Botlord-Gunner 39907 | -3/Research | Found Prototype Processor 39908 | -3/Research | Garrison activated, responded to threat 40078 | -3/Research | Build established: Hacker-Gunner 40178 | -3/Research | System corruption reached 30% 40225 | -3/Research | Lost 3 parts (3u) 40269 | -3/Research | Discovered new exit (range 6) 40311 | -3/Research | Identified exit to Testing 40386 | -3/Research | Identified Exp. Targeting Computer 40649 | -3/Research | Fabricated P-70 Sage? 40682 | -3/Research | Build established: Botlord-Mutant 41047 | -3/Research | Repaired Adv. System Restoration Module 41454 | -3/Research | Build established: Botlord-Gunner 41497 | -3/Research | Entered Testing 41594 | -3/Testing | Repaired Broken Hvy. Antimatter Reactor 42024 | -3/Testing | Found Prototype Energy Gun 42058 | -3/Testing | Identified Tachyon Dispersion Ray 42176 | -3/Testing | Found Prototype Processor 42184 | -3/Testing | Identified Spectral Analyzer 42479 | -3/Testing | Discovered exit to Research (range 9) 42700 | -3/Testing | Fabricated I-36 Angel (x1) 42907 | -3/Testing | Build established: Botlord-Mutant 43176 | -3/Testing | Fabricated System Purifier? 43317 | -3/Testing | Lost 3 allies 43403 | -3/Testing | Found Prototype Ballistic Cannon 43447 | -3/Testing | Identified Omega Cannon 43536 | -3/Testing | Found Exp. Shield Generator 43545 | -3/Testing | Found Prototype Device 43563 | -3/Testing | Identified Exp. Sensor Array 43569 | -3/Testing | Found Prototype Device 43603 | -3/Testing | Identified Exp. EM Disruption Field 44466 | -3/Testing | Repaired System Purifier 44547 | -3/Testing | Found Prototype Processor 44554 | -3/Testing | Identified Exp. Signal Interpreter 44629 | -3/Testing | Found Prototype Energy Cannon 44659 | -3/Testing | Identified Potential Cannon 44751 | -3/Testing | Found Exp. Shield Generator 44832 | -3/Testing | Spotted Striker 44981 | -3/Testing | Spotted Striker 45006 | -3/Testing | Found Prototype Protection 45009 | -3/Testing | Found Prototype Protection 45010 | -3/Testing | Identified Med. Regenerative Plating 45013 | -3/Testing | Found Prototype Protection 45014 | -3/Testing | Identified Lgt. Regenerative Plating 45018 | -3/Testing | Found Med. Regenerative Plating 45039 | -3/Testing | Build established: Botlord-Gunner 45156 | -3/Testing | Identified exit to Garrison 45160 | -3/Testing | Entered Garrison 45160 | -3/Garrison | Accompanied by 3 allies 45194 | -3/Garrison | Spotted Striker 45209 | -3/Garrison | Destroyed Striker 45229 | -3/Garrison | Rewired Striker 45247 | -3/Garrison | Rewired Executioner 45279 | -3/Garrison | Triggered checkpoint 45305 | -3/Garrison | Heavy support dispatched to Research 45325 | -3/Garrison | Heavy support dispatched to Research 45330 | -3/Garrison | Triggered checkpoint 45355 | -3/Garrison | Garrison Relay disabled 45474 | -3/Garrison | Triggered checkpoint 45482 | -3/Garrison | P-80 Master assimilated allied Swordsman 8c 45653 | -3/Garrison | Triggered checkpoint 45686 | -3/Garrison | Triggered checkpoint 45686 | -3/Garrison | Spotted B-86 Titan 45706 | -3/Garrison | Triggered checkpoint 45719 | -3/Garrison | Destroyed B-86 Titan 45753 | -3/Garrison | Lost 6 allies 45775 | -3/Garrison | Destroyed 11 combat bots 45781 | -3/Garrison | Lost 3 parts (2n1u) 45911 | -3/Garrison | Garrison Relay disabled 46112 | -3/Garrison | Triggered checkpoint 46116 | -3/Garrison | Discovered exit to Research (range 14) 46193 | -3/Garrison | Lost 4 allies 46310 | -3/Garrison | Triggered checkpoint 46324 | -3/Garrison | Garrison Relay disabled 46446 | -3/Garrison | Triggered checkpoint 46509 | -3/Garrison | Discovered exit to Research (range 10) 46514 | -3/Garrison | Spotted B-86 Titan 46520 | -3/Garrison | Spotted B-90 Cyclops 46562 | -3/Garrison | Triggered checkpoint 46573 | -3/Garrison | Garrison Relay disabled 46736 | -3/Garrison | Discovered exit to Research (range 11) 46751 | -3/Garrison | Expanded RIF knowledge: Program Shield 46846 | -3/Garrison | Garrison Relay disabled 46996 | -3/Garrison | Found Exp. Core Analyzer 47166 | -3/Garrison | Entered Research 47166 | -2/Research | Accompanied by 17 allies 47166 | -2/Research | Evolved 2 slots: Power x1, Propulsion x1 47434 | -2/Research | Spotted B-90 Cyclops 47451 | -2/Research | Destroyed B-90 Cyclops 47486 | -2/Research | Lost 4 allies 47487 | -2/Research | Found Prototype Launcher 47488 | -2/Research | Garrison activated, responded to threat 47527 | -2/Research | Lost 8 allies 47528 | -2/Research | Identified Com. Tesla Bomb Launcher 48059 | -2/Research | Lost 6 allies 48100 | -2/Research | Discovered new exit (range 6) 48157 | -2/Research | Identified exit to Access 49145 | -2/Research | Identified exit to Quarantine 49262 | -2/Research | Lost 4 allies 49771 | -2/Research | Repaired Broken Exp. Shield Generator 49772 | -2/Research | Fabricated P-70 Sage? 49834 | -2/Research | Repaired Imp. Heavy Treads? 50043 | -2/Research | Repaired Imp. Heavy Treads 50105 | -2/Research | Repaired Imp. Heavy Treads 50546 | -2/Research | Entered Quarantine 50554 | -2/Quarantine | Identified SHELL Armor 50566 | -2/Quarantine | Found Phase Armor 50595 | -2/Quarantine | Spotted Alpha 7 50616 | -2/Quarantine | Destroyed Alpha 7 50683 | -2/Quarantine | Found Alien Artifact 50700 | -2/Quarantine | Identified Subatomic Replicator 50777 | -2/Quarantine | Found Exp. Core Analyzer 51266 | -2/Quarantine | Discovered exit to Access (range 4) 51531 | -2/Quarantine | Found Phase Redirector 51664 | -2/Quarantine | Found Core Reset Matrix 51894 | -2/Quarantine | Garrison activated, responded to threat 51994 | -2/Quarantine | Found Prototype Device 51994 | -2/Quarantine | Identified Exp. Force Field 52772 | -2/Quarantine | Found Alien Slashing Weapon 52774 | -2/Quarantine | Identified Sigix Broadsword 52965 | -2/Quarantine | Found Alien Impact Weapon 53023 | -2/Quarantine | Cryocooling Duct disabled 53038 | -2/Quarantine | Ambient heat levels rising (+20) 53038 | -2/Quarantine | Non-combat units ordered to evacuate 53190 | -2/Quarantine | Identified Core Stripper 53235 | -2/Quarantine | Spotted Fortress 53253 | -2/Quarantine | Destroyed Fortress 53268 | -2/Quarantine | Found Vortex Chain Reactor 53552 | -2/Quarantine | Found Alien Artifact 53552 | -2/Quarantine | Identified Terrabomb 53552 | -2/Quarantine | Used Terrabomb 53726 | -2/Quarantine | Discovered new exit (range 5) 53732 | -2/Quarantine | Entered Section 7 53742 | -2/Section 7 | Spotted S7 Guard 53977 | -2/Section 7 | Destroyed S7 Guard 53990 | -2/Section 7 | Found Alien Artifact 54128 | -2/Section 7 | Found Alien Artifact 54128 | -2/Section 7 | Identified Microwarp Drive 54239 | -2/Section 7 | Core integrity fell below 50% 54359 | -2/Section 7 | Lost 5 parts (1p1n3u) 54558 | -2/Section 7 | Identified Integrated Thermoelectric Network 54689 | -2/Section 7 | Build established: Botlord-Tank 54700 | -2/Section 7 | Installed Integrated Thermoelectric Network, gained heat-energy exchange potential 55249 | -2/Section 7 | Found Alien Artifact 55268 | -2/Section 7 | Identified Integrated Reactor 55269 | -2/Section 7 | Installed Integrated Reactor, increased core energy generation (+10) 55281 | -2/Section 7 | Found Integrated Mediator 55282 | -2/Section 7 | Installed Integrated Mediator, increased core attachment efficiency 55345 | -2/Section 7 | Spotted B-90 Cyclops 55366 | -2/Section 7 | Destroyed B-90 Cyclops 55459 | -2/Section 7 | Destroyed 7 combat bots 55535 | -2/Section 7 | Garrison activated, responded to threat 56215 | -2/Section 7 | Found Transdimensional Reconstructor 56221 | -2/Section 7 | Found Transdimensional Reconstructor 56437 | -2/Section 7 | Spotted B-99 Colossus 56540 | -2/Section 7 | Build established: Hacker-Gunner 56592 | -2/Section 7 | Found LRC Armor 56603 | -2/Section 7 | Found LRC Insulator 56604 | -2/Section 7 | Installed LRC Insulator, gained EM resistance (25) 56607 | -2/Section 7 | Used Subatomic Replicator to replicate LRC Armor 56608 | -2/Section 7 | Installed LRC Armor, increased core integrity (+250) 56611 | -2/Section 7 | Installed LRC Armor, increased core integrity (+250) 56751 | -2/Section 7 | Spotted Executioner 56757 | -2/Section 7 | Spotted Executioner 56771 | -2/Section 7 | P-80 Master assimilated allied Expert 9e 56782 | -2/Section 7 | Found Terrabomb 56830 | -2/Section 7 | Found Transdimensional Reconstructor 56904 | -2/Section 7 | Destroyed Executioner 56912 | -2/Section 7 | Destroyed Executioner 56925 | -2/Section 7 | Found Exp. Targeting Computer 57567 | -2/Section 7 | Repaired Adv. Heavy Siege Treads 57642 | -2/Section 7 | Spotted Alpha 7 57655 | -2/Section 7 | Garrison activated, responded to threat 57674 | -2/Section 7 | Destroyed Alpha 7 57685 | -2/Section 7 | Found Exp. Targeting Computer 57731 | -2/Section 7 | Discovered exit to Access (range 21) 57847 | -2/Section 7 | Entered Access 57847 | -1/Access | Evolved 2 slots: Power x1, Weapon x1 58126 | -1/Access | Build established: Hacker-Mutant 58146 | -1/Access | Identified exit to Command 58311 | -1/Access | Found Prototype Device 58311 | -1/Access | Identified Beam Splitter 58587 | -1/Access | Found Prototype Reactor 58587 | -1/Access | Identified Zero-point Reactor 59072 | -1/Access | Entered Command 59072 | -1/Command | Accompanied by 2 allies 59657 | -1/Command | Build established: Mutant 59774 | -1/Command | Spotted M Guard 59775 | -1/Command | Spotted M Guard 59775 | -1/Command | Spotted Combat Programmer 59777 | -1/Command | Spotted Combat Programmer 59928 | -1/Command | Met MAIN.C 59973 | -1/Command | Destroyed MAIN.C Shell 59975 | -1/Command | Surrendered to MAIN.C 59975 | -1/Command | Loaded intel: 59 machine locations 59975 | -1/Command | Loaded intel: 98 trap records 59975 | -1/Command | Identified exit to Surface 59975 | -1/Command | Discovered exit to Surface (range 78) 59975 | -1/Command | Discovered exit to Surface (range 50) 60113 | -1/Command | Found Vortex Chain Reactor 60117 | -1/Command | Found Vortex Chain Reactor 60145 | -1/Command | Found Prototype Device 60145 | -1/Command | Identified Exp. System Purifier 60149 | -1/Command | Found Prototype Device 60149 | -1/Command | Identified Exp. Hardlight Generator 60152 | -1/Command | Found Prototype Device 60152 | -1/Command | Identified Exp. Phase Shifter 60160 | -1/Command | Found Prototype Ballistic Cannon 60170 | -1/Command | Found Exp. EM Disruption Field 60174 | -1/Command | Identified Perforator 60223 | -1/Command | MAIN.C activated Command garrisons 60263 | -1/Command | Unknown forces attacked Command 60263 | -1/Command | Spotted EQ-001 60275 | -1/Command | Destroyed EQ-001 60284 | -1/Command | Spotted EQ-014 60294 | -1/Command | Destroyed EQ-014 60296 | -1/Command | Spotted EQ-007 60299 | -1/Command | Spotted EQ-002 60317 | -1/Command | Lost 12 allies 60358 | -1/Command | Spotted EQ-018 60358 | -1/Command | Spotted EQ-019 60358 | -1/Command | Spotted EQ-031 60373 | -1/Command | Destroyed EQ-019 60382 | -1/Command | Destroyed EQ-018 60397 | -1/Command | Destroyed EQ-031 60404 | -1/Command | Spotted EQ-025 60426 | -1/Command | Spotted EQ-023 60426 | -1/Command | Spotted EQ-035 60426 | -1/Command | Spotted EQ-022 60428 | -1/Command | Spotted EQ-028 60430 | -1/Command | Build established: Gunner 60434 | -1/Command | Destroyed EQ-022 60440 | -1/Command | Destroyed EQ-023 60455 | -1/Command | Destroyed EQ-028 60465 | -1/Command | Spotted EQ-049 60467 | -1/Command | Spotted EQ-029 60469 | -1/Command | Spotted EQ-044 60470 | -1/Command | Phase Generator disabled 60484 | -1/Command | Destroyed EQ-044 60489 | -1/Command | Spotted EQ-037 60491 | -1/Command | Spotted EQ-000 60497 | -1/Command | Spotted EQ-054 60503 | -1/Command | Spotted EQ-046 60506 | -1/Command | Spotted EQ-053 60512 | -1/Command | Spotted EQ-056 60513 | -1/Command | Spotted EQ-047 60515 | -1/Command | Spotted EQ-036 60527 | -1/Command | Spotted EQ-052 60530 | -1/Command | Destroyed EQ-056 60558 | -1/Command | Lost 43 allies 60564 | -1/Command | Spotted EQ-075 60564 | -1/Command | Spotted EQ-060 60564 | -1/Command | Spotted EQ-062 60564 | -1/Command | Spotted EQ-063 60564 | -1/Command | Spotted EQ-061 60572 | -1/Command | Destroyed EQ-062 60584 | -1/Command | Spotted EQ-065 60593 | -1/Command | Spotted EQ-050 60609 | -1/Command | Spotted EQ-080 60640 | -1/Command | Lost 7 allies 60664 | -1/Command | Spotted EQ-104 60664 | -1/Command | Spotted EQ-087 60664 | -1/Command | Spotted EQ-085 60677 | -1/Command | Spotted EQ-084 60696 | -1/Command | Spotted EQ-106 60703 | -1/Command | Spotted EQ-099 60705 | -1/Command | Destroyed EQ-106 60709 | -1/Command | Destroyed EQ-099 60710 | -1/Command | Attackers retreated from Command 60711 | *** | Fortifying 0b10! Last Messages --------------- 60679_ H-88 Terminator Hvy. Machine Gun blasted off. 60679_ Slug penetrates EQ-084. 60679_ EQ-084 suffers critical hit (Destroy). 60679_ Slug penetrates D-83 Annihilator. 60679_ Slug penetrates EQ-084. 60679_ EQ-084 destroyed. 60682_ Acquired 72 matter. 60685_ Acquired 40 matter. 60693_ Combat Programmer resets D-83 Annihilator, system corruption cleaned. 60697_ Combat Programmer resets H-88 Terminator, system corruption cleaned. 60698_ EQ-106 knocked back. 60705_ EQ-106 destroyed. 60707_ Slug penetrates EQ-099. 60709_ EQ-099 destroyed. 60710_ ALERT: Enemy forces retreating. MAIN.C: I admit your assistance was pivotal here. It looks like I was right to trust you. This attack appears to have been designed to merely test our defenses, although it was nearly effective enough to force me to take the conflict to the next level. Investigating the origins of these bots should be one of our highest priorities... Map ----- +----------------------------------------------------+ | ### ###/##??# ??????????????????????????? | | ?# * #??# % #????????????????????????? | | ?# = ####" # ## #????????????????????????? | | ?# =% # % # !] #????????????????????????? | | ?# *% "! %=%!== #????????????????????????? | | ?#] /// # ! # ########################## | | ## /// +!]] ####????????????????????????? | | " !// #!]! # #?#######################? | | ## =% #]]! ] #?#" % % %[## | | # # # #?# ! ]! % %%#? | | #%# ##### %% #?# = 7/%%% =%=## | | ! ==* ####;%* ##?# ! %s g %/* | | !]%[%%! % !%= ##?# = 7 !/[ | | !%!!!% =*= [%!! %##?#?# % % % !%% | | ![ [ |%! [=* = #?#?# [ h %h ## | | %!=! [%**%% ####?# *%!d ! % #? | | = %!! [[]!=%! ##?# !% ## | | ! * !%%%%= =!=%%]=[[ ##?# M % "#? | | "## %=!! %%[!!%%% #?# " """"#? | | "# == ! % =!*%!! % # #?#" g %= " """""#? | | # ==% %= =%%= #?#% """""""#? | | #### % !!![%% #?# % #? | | ?# **==% #### == * #? | | #"# ! [%% i %%! [ % " " " #? | | "% [|[! %[ [ [% %! % != " #? | | "%# *= % =[==[==[ @ [ ! % % #? | | "= % [ ! !!=![ ####% %% = %#? | | ! [ ! !%[ % #?# % [ " %#? | | = ] ==! % #?# % #? | | %! ] = " #?#######################? | | * %!%=% # " ###????????????????????????? | | * ## ""T "" #?########################## | | = # ######## #??????????????????????????? | | ?# # #??????????????????????????? | | #??# # #??????????????????????????? | | #??# # #??????????????????????????? | | #### #### # #??????????????????????????? | | ????# ## # #??????????????????????????? | | ????# < ## + #??????????????????????????? | | ????# ## # #??????????????????????????? | | ????####### # #??????????????????????????? | | ###???????# #######??????????????????????????? | | #???????# #????????????????????????????????? | | #???????# #????????????????????????????????? | | #???????# #????????????????????????????????? | | " #???????#######????????????????????????????????? | | ""#??????????????????????????????????????????????? | | ""#??????????????????????????????????????????????? | | " ##?????????????????????????????????????????????? | | #?????????????????????????????????????????????? | +----------------------------------------------------+ Best States ------------- Heat Dissipation 122 Energy Generation 93 Energy Capacity 850 Matter Stores 300 Matter Capacity 300 Sight Range 24 Robot Scan Range 18 Terrain Scan Range 20 Terrain Scan Density 210 Jamming Range 16 Power Amplification 40 Base Temperature (-) 200 Corruption Block 20 Armor Coverage 2250 Resistance: TH 30 Resistance: EX 25 Resistance: EM 100 Utility Shielding 66 Point Defense Rating 160 Weapon Cycling 25 Evasion (%) 44 Targeting Accuracy 12 Core Analysis 8 Recoil Reduction 6 Offensive Hacking 32 Defensive Hacking 26 Relay Coupler Types 6 Relay Coupler Value 185 Authchip Count 4 Item Schematics ----------------- Huge Storage Unit | -10/Materials | Hacked Mak. System Shield | -8/Materials | Scanalyzed Lrn. Tractor Beam | -8/Materials | Scanalyzed Mak. Light Armor Plating | -8/Materials | Scanalyzed Imp. Utility Shielding | -6/Factory | Hacked Cld. Antimatter Reactor | -5/Factory | Hacked Imp. Powered Armor | -5/Factory | Hacked Exp. Optical Array | -3/Testing | Reported Particle Accelerator | -3/Testing | Reported Hvy. Neutron Cannon | -3/Testing | Reported Imp. Particle Accelerator | -3/Testing | Reported Exp. Thermal Shield | -3/Testing | Reported Lrg. Storage Unit | -3/Testing | Reported System Purifier | -3/Testing | Reported Enh. Force Rifle | -3/Testing | Reported Prc. Phase Gun | -3/Testing | Reported Imp. Transmission Jammer | -3/Testing | Reported Imp. Force Booster | -3/Testing | Reported Kinetic Spear | -3/Testing | Reported Recoil Nullifier | -3/Testing | Reported Weapon Mount | -3/Testing | Reported Enh. Coil Gun | -3/Testing | Reported Hvy. Wave Gun | -3/Testing | Reported Exp. Myomer Leg | -3/Testing | Reported Com. Mass Driver | -3/Testing | Reported Tiamat Missile Launcher | -3/Testing | Reported Adv. KE Penetrator | -3/Testing | Reported Adv. Remote Shield | -3/Testing | Reported Adv. Variable Charge Gun | -3/Testing | Reported Electron Diverter | -3/Testing | Reported Cld. Phase Cannon | -3/Testing | Reported Cld. Nuclear Pulse Thruster | -3/Testing | Reported Adv. Gravity Neutralizer | -3/Testing | Reported Hvy. Gatling Laser | -3/Testing | Reported Exp. Cooling System | -3/Testing | Reported Enh. Biometal Leg | -3/Testing | Reported Centrium Greatsword | -3/Testing | Reported Graviton Cannon | -2/Quarantine | Archive Exp. Power Shielding | -2/Quarantine | Archive Gravity Neutralizer | -2/Quarantine | Archive Cld. Antigrav System | -2/Quarantine | Archive Hdn. Centrium Leg | -2/Quarantine | Archive Prc. Matter Filter | -2/Section 7 | Archive Exp. Core Analyzer | -2/Section 7 | Archive Exp. EM Disruption Field | -2/Section 7 | Archive Exp. Energy Well | -2/Section 7 | Archive Coolant Network | -2/Section 7 | Archive Hvy. Dispersion Rifle | -2/Section 7 | Archive Robot Schematics ------------------ M-28 Smith | -7/Factory | Hacked P-60 Hacker | -7/Factory | Hacked I-36 Angel | -7/Factory | Hacked P-70 Sage | -5/Factory | Hacked A-27 Freighter | -2/Quarantine | Archive S-43 Plague | -2/Quarantine | Archive T-07 Excavator | -2/Quarantine | Archive R-06 Scavenger | -2/Quarantine | Archive B-74 Champion | -2/Quarantine | Archive C-55 Analyst | -2/Section 7 | Archive G-73 Enforcer | -2/Section 7 | Archive Fabricated ------------ T-07 Excavator | x1 | -7/Factory | Preloaded P-60 Hacker | x2 | -7/Factory | Authchip Imp. Medium Treads | x2 | -6/Factory | Preloaded P-60 Hacker | x2 | -6/Factory | Authchip P-60 Hacker | x2 | -6/Factory | Authchip P-60 Hacker | x2 | -6/Factory | Authchip P-60 Hacker | x2 | -6/Factory | Authchip Adv. System Shield | x1 | -5/Factory | Preloaded P-70 Sage | x2 | -5/Factory | Authchip P-70 Sage | x2 | -5/Factory | Authchip Imp. Powered Armor | x1 | -5/Factory P-70 Sage | x2 | -4/Factory | Authchip P-70 Sage | x2 | -4/Factory | Authchip P-70 Sage | x2 | -4/Factory | Authchip S-43 Plague | x4 | -3/Research | Preloaded P-70 Sage | x2 | -3/Research | Authchip I-36 Angel | x1 | -3/Research | Authchip Biometal Heavy Treads | x1 | -3/Research | Preloaded P-70 Sage | x2 | -3/Research | Authchip P-70 Sage | x2 | -3/Research | Authchip I-36 Angel | x1 | -3/Testing | Authchip System Purifier | x1 | -3/Testing | Authchip P-70 Sage | x2 | -2/Research | Authchip Alien Tech Used ----------------- Phase Armor Sigix Broadsword Core Stripper Terrabomb Microwarp Drive Integrated Thermoelectric Network Integrated Reactor Integrated Mediator LRC Insulator Subatomic Replicator LRC Armor Achievements -------------- None Challenges ------------ None Game ------ Seed TargetShrapnelPick Manual? 0 Play Time 15:04:54 Cumulative 718.2 hours Start 2024.02.27 @ 08:46:24 End 2024.03.05 @ 11:08:11 Sessions 23 Manual Loads 0 Difficulty Rogue Special Mode None Game No. 142 Rogue 142 Adventurer 0 Explorer 0 Win Type 8 Total 41 Types 22/4/6/1/2/1/2/2/1 Lore% 90 Gallery% 93 Achievement% 89 Wizard Run 0 Options --------- Layout 0 ASCII 0 Keyboard 0 Movement Numpad Keybinds 0 Fullscreen 1 Font 14/SmallcapsGlow Map View 84x54 Zoom Use 0% Tactical HUD 1 Map Filters NONE Filters NONE Steam 1 RUN: 0ac3b49d-7a8c-4b37-9286-11efd2839b39